 Dungeon Crawl Stone Soup version 0.24.0-2-g5b39cebb1c (webtiles) character file.

Game seed: 18093449159453606749, levelgen mode: deterministic

12743178 Artagas the Bringer of Light (level 27, 203/204 HPs)
             Began as a Gargoyle Artificer on Oct 29, 2019.
             Was the Champion of the Shining One.
             Escaped with the Orb
             ... and 15 runes on Oct 30, 2019!
             The game lasted 07:10:57 (126937 turns).

Artagas the Bringer of Light (Gargoyle Artificer) Turns: 126937, Time: 07:10:58

Health: 203/204    AC: 81    Str: 28    XL:     27
Magic:  40/40      EV: 13    Int: 16    God:    the Shining One [******]
Gold:   6964       SH: 39    Dex:  6    Spells: 22/26 levels left

rFire    + + .     SeeInvis .   a - +9 broad axe (holy)
rCold    + + .     Gourm    .   i - +7 large shield {rF+}
rNeg     + + +     Faith    .   L - +12 gold dragon scales
rPois    ∞         Spirit   .   W - +2 helmet "Hatamm" {+Blink rN+++ Regen+ Dex-2}
rElec    +         Reflect  +   X - +4 dragonskin cloak
rCorr    .         Harm     .   Q - +2 pair of gloves "Pyamp" {+Fly}
MR       ++++.     Clarity  +   Z - +2 pair of boots {Stlth+}
Stlth    ..........             f - +5 amulet of reflection
HPRegen  0.84/turn              R - ring "Demeucur" {MR+ Str+3}
MPRegen  0.27/turn              P - ring "Kyurchal" {rC+ rN+ MR+}

@: flying, glowing
A: big wings, molten scales 1, rugged brown scales 1, blurry vision 1, clarity,
clumsy 1, negative energy resistance 1, screaming 1, electricity resistance,
unbreathing, petrification resistance, rot immunity, MP-powered wands, AC +20
0: Orb of Zot
}: 15/15 runes: decaying, serpentine, slimy, silver, golden, iron, obsidian,
icy, bone, abyssal, demonic, glowing, magical, fiery, dark
a: Stop Flying, Divine Shield, Cleansing Flame, Summon Divine Warrior, Renounce
Religion, Evoke Blink


You escaped.
You worshipped the Shining One.
The Shining One was exalted by your worship.
You were not hungry.

You visited 18 branches of the dungeon, and saw 89 of its levels.
You visited Pandemonium 2 times, and saw 10 of its levels.
You visited the Abyss 2 times.
You visited 1 ziggurat, and saw 8 of its levels.
You also visited: Bailey.

You collected 17389 gold pieces.
You spent 10136 gold pieces at shops.
You donated 289 gold pieces to Zin.

Inventory:

Hand Weapons
 a - a +9 broad axe of holy wrath (weapon)
   (You subdued it on level 2 of the Elven Halls)
 b - a +9 broad axe of freezing
   (You took it off a hell knight on level 5 of the Vaults)
 A - the +8 demon trident "Rift" {distort, reach+}
   (You found it on level 3 of the Tomb of the Ancients)

   It warps and distorts space around it.
   Unwielding it can cause banishment or high damage.
   The Shining One disapproves of the use of such an item.
Missiles
 j - 6 throwing nets (quivered)
Armour
 i - a +7 large shield of fire resistance (worn)
   (You took it off a deep elf sorcerer on level 3 of the Elven Halls)
 u - a scarf of cloud immunity
   (You found it on level 3 of the Depths)
 D - the +0 helmet of Analysis {*Drain +Fly rN++ SInv}
   (You found it on level 2 of the Snake Pit)

   It greatly protects you from negative energy.
   It lets you see invisible.
   It lets you fly.
   It causes draining when unequipped.
 E - the +0 pair of fencer's gloves {Riposte Dex+3}
   (You found it on level 7 of Gehenna)

   It affects your dexterity (+3).
 L - +12 gold dragon scales (worn)
   (You found it on level 1 of the Depths)
 Q - the +2 pair of gloves "Pyamp" (worn) {+Fly}
   (You found it on level 5 of the Vaults)

   It lets you fly.
 W - the +2 helmet "Hatamm" (worn) {+Blink rN+++ Regen+ Dex-2}
   (You bought it in a shop on level 2 of the Orcish Mines)

   It affects your dexterity (-2).
   It renders you almost immune to negative energy.
   It lets you blink.
   It increases your rate of regeneration.
 X - the +4 dragonskin cloak (worn)
   (You took it off Tiamat on level 5 of the Realm of Zot)
 Y - the +10 large shield of Ignorance {rN+ Int-4}
   (You took it off a deep elf demonologist on level 2 of the Elven Halls)

   It affects your intelligence (-4).
   It protects you from negative energy.
 Z - a +2 pair of boots of stealth (worn)
   (You found it on level 1 of the Vaults)
Jewellery
 f - a +5 amulet of reflection (around neck)
   (You found it on level 3 of a ziggurat)
 N - the ring of Cuwim {rC- rN+++ rCorr}
   (You found it in Pandemonium)

   [ring of resist corrosion]

   It makes you vulnerable to cold.
   It renders you almost immune to negative energy.
   It provides partial protection from all sources of acid and corrosion.
 P - the ring "Kyurchal" (right hand) {rC+ rN+ MR+}
   (You bought it in a shop on level 2 of the Orcish Mines)

   [ring of positive energy]

   It protects you from cold.
   It protects you from negative energy.
   It affects your resistance to hostile enchantments.
 R - the ring "Demeucur" (left hand) {MR+ Str+3}
   (You found it on level 4 of a ziggurat)

   [ring of protection from magic]

   It affects your strength (+3).
   It affects your resistance to hostile enchantments.
Wands
 v - a wand of digging (29)
   (You found it on level 5 of the Dungeon)
 C - a wand of iceblast (41)
   (You found it on level 1 of the Depths)
 K - a wand of acid (31)
   (You took it off Harold on level 11 of the Dungeon)
 T - a wand of paralysis (32)
   (You found it on level 8 of the Dungeon)
 U - a wand of enslavement (37)
Scrolls
 c - 2 scrolls of summoning
 k - 2 scrolls of silence
 m - 2 scrolls of fog
 o - 32 scrolls of remove curse
 r - 21 scrolls of identify
 t - 30 scrolls of teleportation
 x - 9 scrolls of immolation
 y - a scroll of magic mapping
 z - 17 scrolls of blinking
 J - 7 scrolls of holy word
 M - 11 scrolls of fear
Potions
 d - 5 potions of might
 g - 9 potions of magic
 h - a potion of haste
 l - 8 potions of berserk rage
 n - 2 potions of resistance
 q - 38 potions of curing
 s - 6 potions of agility
 w - 8 potions of heal wounds
 G - 17 potions of lignification
 H - 12 potions of brilliance
 I - 6 potions of cancellation
 S - 8 potions of ambrosia
 V - 3 potions of mutation
Miscellaneous
 p - 4 boxes of beasts
 B - 6 phantom mirrors
 F - a lamp of fire
   (You found it on level 3 of the Elven Halls)
 O - 4 sacks of spiders
Comestibles
 e - 32 rations


   Skills:
 O Level 27 Fighting
   Level 0.8 Short Blades
 - Level 18.0 Axes
 O Level 27 Armour
 + Level 23.1 Dodging
 - Level 1.1 Stealth
 O Level 27 Shields
 - Level 14.1 Translocations
 O Level 27 Invocations
 + Level 25.6 Evocations


You had 22 spell levels left.
You knew the following spells:

 Your Spells              Type           Power        Failure   Level  Hunger
a - Lesser Beckoning      Tloc           #####.....   1%          3    ####...
b - Apportation           Tloc           #####.       1%          1    ##.....

Your spell library contained the following spells:

 Spells                   Type           Power        Failure   Level  Hunger
 Blink                    Tloc           N/A          1%          2    ###....
 Gell's Gravitas          Tloc           #####.....   1%          3    ####...
 Teleport Other           Tloc           #####...     1%          3    ####...
 Shroud of Golubria       Chrm/Tloc      ###...       12%         2    ###....
 Portal Projectile        Hex/Tloc       ###...       24%         3    ####...
 Recall                   Summ/Tloc      N/A          24%         3    ####...
 Animate Skeleton         Necr           N/A          82%         1    ##.....
 Beastly Appendage        Tmut           #.....       82%         1    ##.....
 Confusing Touch          Hex            #.....       82%         1    ##.....
 Corona                   Hex            #......      82%         1    ##.....
 Flame Tongue             Conj/Fire      #....        82%         1    ##.....
 Freeze                   Ice            #...         82%         1    ##.....
 Infusion                 Chrm           #...         82%         1    ##.....
 Magic Dart               Conj           #...         82%         1    ##.....
 Pain                     Necr           #...         82%         1    ##.....
 Sandblast                Erth           #.....       82%         1    ##.....
 Shock                    Conj/Air       #...         82%         1    ##.....
 Sting                    Conj/Pois      #...         82%         1    ##.....
 Summon Butterflies       Summ           #.......     82%         1    ##.....
 Summon Small Mammal      Summ           #...         82%         1    ##.....
 Call Imp                 Summ           #.......     91%         2    ###....
 Passwall                 Tmut/Erth      #.......     91%         2    ###....
 Poisonous Vapours        Pois/Air       #.....       91%         2    ###....
 Slow                     Hex            #.......     91%         2    ###....
 Sticks to Snakes         Tmut           #.......     91%         2    ###....
 Swiftness                Chrm/Air       #.......     91%         2    ###....
 Throw Flame              Conj/Fire      #.....       91%         2    ###....
 Throw Frost              Conj/Ice       #.....       91%         2    ###....
 Summon Forest            Summ/Tloc      ###.......   92%         5    ######.
 Call Canine Familiar     Summ           #.......     99%         3    ####...
 Confuse                  Hex            #.......     99%         3    ####...
 Conjure Flame            Conj/Fire      #.......     99%         3    ####...
 Ignite Poison            Fire/Tmut/Pois #.......     99%         3    ####...
 Inner Flame              Hex/Fire       #.......     99%         3    ####...
 Mephitic Cloud           Conj/Pois/Air  #.......     99%         3    ####...
 Ozocubu's Armour         Chrm/Ice       #.......     99%         3    ####...
 Regeneration             Chrm/Necr      #.........   99%         3    ####...
 Spider Form              Tmut/Pois      #.........   99%         3    ####...
 Static Discharge         Conj/Air       #.......     99%         3    ####...
 Summon Guardian Golem    Hex/Summ       #.......     99%         3    ####...
 Tukima's Dance           Hex            #.......     99%         3    ####...
 Vampiric Draining        Necr           #.........   99%         3    ####...
 Airstrike                Air            #.........   100%        4    #####..
 Animate Dead             Necr           N/A          100%        4    #####..
 Cause Fear               Hex            #.........   100%        4    #####..
 Ice Form                 Ice/Tmut       #.......     100%        4    #####..
 Leda's Liquefaction      Hex/Erth       #.........   100%        4    #####..
 Olgreb's Toxic Radiance  Pois           #.......     100%        4    #####..
 Petrify                  Tmut/Erth      #.......     100%        4    #####..
 Sticky Flame             Conj/Fire      #.......     100%        4    #####..
 Summon Ice Beast         Ice/Summ       #.......     100%        4    #####..
 Summon Lightning Spire   Summ/Air       #.......     100%        4    #####..
 Throw Icicle             Conj/Ice       #.......     100%        4    #####..
 Alistair's Intoxication  Tmut/Pois      #.......     100%        5    ######.
 Aura of Abjuration       Summ           #.........   100%        5    ######.
 Blade Hands              Tmut           #.........   100%        5    ######.
 Bolt of Draining         Conj/Necr      #.........   100%        5    ######.
 Bolt of Magma            Conj/Fire/Erth #.........   100%        5    ######.
 Borgnjor's Vile Clutch   Necr/Erth      #.........   100%        5    ######.
 Dispel Undead            Necr           #.......     100%        5    ######.
 Excruciating Wounds      Chrm/Necr      #.........   100%        5    ######.
 Fireball                 Conj/Fire      #.........   100%        5    ######.
 Irradiate                Conj/Tmut      #.........   100%        5    ######.
 Iskenderun's Battlesphe  Conj/Chrm      #.......     100%        5    ######.
 Lee's Rapid Deconstruct  Erth           #.........   100%        5    ######.
 Lightning Bolt           Conj/Air       #.........   100%        5    ######.
 Metabolic Englaciation   Hex/Ice        #.........   100%        5    ######.
 Silence                  Hex/Air        #.........   100%        5    ######.
 Summon Demon             Summ           #.........   100%        5    ######.
 Summon Mana Viper        Hex/Summ       #.......     100%        5    ######.
 Venom Bolt               Conj/Pois      #.........   100%        5    ######.
 Yara's Violent Unravell  Hex/Tmut       #.........   100%        5    ######.
 Bolt of Cold             Conj/Ice       #.........   100%        6    #######
 Bolt of Fire             Conj/Fire      #.........   100%        6    #######
 Conjure Ball Lightning   Conj/Air       #.........   100%        6    #######
 Darkness                 Hex            #.........   100%        6    #######
 Death Channel            Necr           #.........   100%        6    #######
 Deflect Missiles         Chrm/Air       #.........   100%        6    #######
 Freezing Cloud           Conj/Ice/Air   #.........   100%        6    #######
 Invisibility             Hex            #.......     100%        6    #######
 Iron Shot                Conj/Erth      #.........   100%        6    #######
 Ozocubu's Refrigeration  Ice            #.........   100%        6    #######
 Shadow Creatures         Summ           N/A          100%        6    #######
 Simulacrum               Ice/Necr       #.........   100%        6    #######
 Dragon Form              Tmut           #.........   100%        7    #######
 Haunt                    Necr/Summ      #.........   100%        7    #######
 Malign Gateway           Summ/Tloc      ###.......   100%        7    #######
 Orb of Destruction       Conj           #.........   100%        7    #######
 Ring of Flames           Chrm/Fire      #.........   100%        7    #######
 Spellforged Servitor     Conj/Summ      #.........   100%        7    #######
 Summon Hydra             Summ           #.........   100%        7    #######
 Borgnjor's Revivificati  Necr           #.........   100%        8    #######
 Death's Door             Chrm/Necr      #.........   100%        8    #######
 Discord                  Hex            #.........   100%        8    #######
 Ignition                 Fire           #.........   100%        8    #######
 Infestation              Necr           #.........   100%        8    #######
 Necromutation            Tmut/Necr      #.........   100%        8    #######
 Shatter                  Erth           #.........   100%        9    #######
 Tornado                  Air            #.........   100%        9    #######
 Passage of Golubria      Tloc           Unusable     N/A         4    N/A
 Sublimation of Blood     Necr           Unusable     N/A         2    N/A
 Statue Form              Tmut/Erth      Unusable     N/A         6    N/A

Dungeon Overview and Level Annotations

Branches:
Dungeon (15/15)            Temple (1/1) D:7            Lair (6/6) D:9
  Swamp (4/4) Lair:3        Snake (4/4) Lair:4        Slime (5/5) Lair:6
    Orc (2/2) D:12            Elf (3/3) Orc:2        Vaults (5/5) D:13
  Crypt (3/3) Vaults:3       Tomb (3/3) Crypt:3      Depths (5/5) D:15
   Hell (visited)             Dis (7/7) Hell            Geh (7/7) Hell
    Coc (7/7) Hell            Tar (7/7) Hell            Zot (5/5) Depths:5
 Bailey (visited)

Altars:
Ashenzari
Cheibriados
Dithmenos
Elyvilon
Fedhas
Gozag
Hepliaklqana
Kikubaaqudgha
Makhleb
Nemelex Xobeh
Okawaru
Qazlal
Ru
Sif Muna
Trog
Uskayaw
Vehumet
Wu Jian
Xom
Yredelemnul
Zin
The Shining One
Beogh
Jiyva
Lugonu

Shops:
D:5 ?   D:12 =   D:15 [   Orc:1 *   Orc:2 [=?*   Elf:2 =   Snake:4 ![=
Vaults:2 !   Vaults:5 ??!%??:?!}:[!

Portals:
Hell: Depths:1 Depths:2 Depths:3 Depths:4 Depths:5
Abyss: Depths:3 Depths:4
Pandemonium: Depths:2 Depths:3


Innate Abilities, Weirdness & Mutations

You are resistant to torment.
Your stone body is resilient. (AC +20)
You are immune to poison.
Your large and strong wings let you fly indefinitely.
You resist negative energy. (rN+)
You are resistant to electric shocks. (rElec)
You can survive without breathing.
You are immune to petrification.
You are immune to rotting.
You are partially covered in molten scales. (AC +2)
You are partially covered in rugged brown scales. (AC +1, +3% HP)
Scrolls take you a little longer to read.
You possess an exceptional clarity of mind.
You are clumsy. (Dex -2)
You occasionally shout uncontrollably at your foes.
You expend magic power (3 MP) to strengthen your wands.


Message History

The lightning arc hits Kyott but does no damage.
The lightning arc hits you. You resist.
The lightning arc hits Kyott.
Kyott resists.
The lightning arc hits you! You resist.
You miss Kyott.
Kyott is almost dead.
Kyott gestures at you.
The bolt of negative energy hits you but does no damage.
You resist.
You barely miss Kyott.
Kyott is almost dead.
You block Kyott's attack.
You slash Kyott!
Kyott convulses!
Kyott is almost dead.
Kyott gestures at you. The bolt of negative energy misses you.
You closely miss Kyott.
Kyott is almost dead.
You block Kyott's attack.
You closely miss Kyott.
Kyott is almost dead.
Kyott hits you!
Kyott gestures.
You hear a mighty clap of thunder!
The lightning arc hits you! You resist.
The lightning arc hits Kyott.
Kyott resists.
The lightning arc hits you. You resist.
The lightning arc hits Kyott.
Kyott completely resists.
The lightning arc hits you but does no damage.
You resist.
The lightning arc hits Kyott.
Kyott resists.
You slice Kyott like a ripe choko!!!
You kill Kyott!
The Shining One accepts your kill.
You feel better.
You feel your power returning.
No target in view!
(D) Dungeon (T) Temple (L) Lair (S) Swamp (P) Snake Pit (M) Slime Pits (O) Orcish Mines (E) Elven Halls (V) Vaults (C) Crypt (W) Tomb (U) Depths (H) Hell (I) Dis (G) Gehenna (X) Cocytus (Y) Tartarus (Z) Zot
Where to? (Enter - D:1 @ (x,y), ? - help)
What level of the Dungeon? (default 1, ? - help) Magic restored.
An Orb Guardian comes into view.
You slash the Orb Guardian!
The Orb Guardian is lightly wounded.
You slash the plant! You block the Orb Guardian's attack.
You slash the Orb Guardian!
The Orb Guardian is moderately wounded.
You hit the plant but do no damage. You block the Orb Guardian's attack.
A cherub comes into view.
It is wielding a +4 long sword of flaming.
You barely miss the Orb Guardian.
The Orb Guardian is moderately wounded.
You slice the plant!! You block the Orb Guardian's attack.
You hit the Orb Guardian but do no damage.
The Orb Guardian is moderately wounded.
You slash the plant! You block the Orb Guardian's attack.
You slice the Orb Guardian!!
The Orb Guardian is heavily wounded.
You hit the plant.
The cherub unwields a +4 long sword of flaming.
It stops flaming.
The cherub wields a +0 hunting sling.
The cherub shoots a stone.
You reflect the stone off an invisible shield around you!
The stone hits the cherub!
You block the Orb Guardian's attack.
You hit the Orb Guardian but do no damage.
The Orb Guardian is heavily wounded.
You hit the plant but do no damage. You block the Orb Guardian's attack.
The cherub shoots a stone.
You reflect the stone off an invisible shield around you!
The stone hits the cherub.
The Orb Guardian hits you but does no damage.
You slice the Orb Guardian!!
The Orb Guardian is severely wounded.
The Orb Guardian hits you!
The cherub shoots a stone.
You reflect the stone off an invisible shield around you!
The stone barely misses the cherub.
You slice the Orb Guardian!!
You kill the Orb Guardian!
The cherub shoots a stone.
You reflect the stone off an invisible shield around you!
The stone hits the plant.
The cherub unwields a +0 hunting sling.
The cherub wields a +4 long sword of flaming.
It bursts into flame!
You block the cherub's attack. x2
You block the cherub's attack. x2
The cherub blocks your attack.
The cherub is lightly wounded.
You block the cherub's attack. x2
The cherub blocks your attack.
The cherub is lightly wounded.
The cherub unwields a +4 long sword of flaming.
It stops flaming.
The cherub wields a +0 hunting sling.
The cherub shoots a stone.
You reflect the stone off an invisible shield around you!
The stone hits the cherub!
The cherub shoots a stone.
You reflect the stone off an invisible shield around you!
The stone closely misses the cherub.
There is a staircase leading out of the dungeon here.
The cherub shoots a stone.
The stone hits you but does no damage.
You have escaped!

#.# ♣P≈P♣♣≈≈≈♣♣P≈P♣####.#.#
#.# ♣≈≈≈♣♣≈≈≈♣♣≈≈≈♣♣#.....#
#.# ♣.^.♣..^.♣♣.^.P♣###.###
#.###♣..P♣P...♣♣...P♣ ###
#...#♣♣.♣♣♣♣.♣♣♣♣.♣♣♣♣♣♣♣
###.# ♣..♣♣P.......♣P.≈P♣♣
#.###..♣♣..........^≈≈8♣
#......P.........♣P.≈P♣♣
#............@...♣♣♣♣♣♣
#........PA......♣P.≈P♣♣
#####..♣♣P..........≈≈8♣
♣..♣♣.((.....♣P.≈≈♣♣
♣♣.♣♣♣♣.♣♣♣♣.♣♣♣♣♣♣♣
♣P.P♣PP..♣♣P..P♣
♣...♣..^.♣♣.^..♣ ##
######♣≈≈≈♣♣≈≈≈♣♣≈≈≈♣♣ #.
.....#♣≈≈P♣♣≈≈P♣♣≈≈P♣#######
#.


You could see a cherub.

Vanquished Creatures
  Cerebov (Pan)
  Asmodeus (Geh:7)
  Ereshkigal (Tar:7)
  the Royal Jelly (Slime:5)
  the Serpent of Hell (Geh:7)
  Gloorx Vloq (Pan)
  A seraph (Pan)
  Lom Lobon (Pan)
  11 ancient liches
  Mnoleg (Pan)
  Dispater (Dis:7)
  6 orbs of fire
  Tiamat (Zot:5)
  Mara (Tomb:2)
  A juggernaut (Zot:5)
  9 pandemonium lords
  14 shard shrikes
  27 greater mummies
  the Lernaean hydra (Swamp:4)
  4 Killer Klowns
  Boris (Crypt:3)
  76 large abominations
  Margery (Crypt:3)
  Saint Roka (Vaults:3)
  Geryon (Hell)
  2 curse toes
  9 golden dragons
  Jory (Depths:3)
  A pearl dragon (Pan)
  12 bone dragons
  8 doom hounds
  3 iron giants
  2 hellephants
  22 Tzitzimimeh
  15 Brimstone Fiends
  4 electric golems
  Jorgrun (Orc:1)
  8 Hell Sentinels
  22 tentacled monstrosities
  11 Ice Fiends
  Asterion (Elf:1)
  A quicksilver dragon (shapeshifter) (Depths:2)
  14 liches
  7 quicksilver dragons
  28 acid blobs
  43 Orb Guardians
  3 deep elf blademasters
  7 titans
  Murray (Depths:5)
  8 sphinxes
  26 Executioners
  11 tentacled starspawn
  10 ancient champions
  A deep elf master archer (Elf:3)
  20 shadow dragons
  2 eldritch tentacles
  Kirke (Swamp:3)
  Gastronok (D:9)
  4 thorn hunters
  11 death cobs
  6 nagarajas
  8 tengu reavers
  4 draconian monks
  3 revenants
  Roxanne (Swamp:4)
  17 storm dragons
  8 daevas
  5 draconian knights
  21 azure jellies
  The ghost of Nattefrost the Carver, a journeyman CeBe of Trog (Orc:1)
  13 frost giants
  12 fire giants
  8 iron dragons
  5 blood saints
  17 vault wardens
  An orc warlord (Vaults:5)
  24 cacodemons
  5 ghost moths
  7 deep elf sorcerers
  11 draconian shifters
  5 draconian scorchers
  32 balrugs
  9 angels (Pan)
  5 curse skulls
  6 deep elf elementalists
  3 warmongers
  Louise (Snake:2)
  63 reapers
  7 draconian stormcallers
  13 draconian annihilators
  6 ghouls
  21 war gargoyles
  14 green draconians
  The ghost of Opsifuid the Severer, a journeyman BaBe of Trog (Elf:3)
  16 vampire knights
  18 ironheart preservers
  2 elemental wellsprings (Coc:7)
  2 corrupters (Pan)
  38 starcursed masses
  17 black draconians
  16 stone giants
  2 entropy weavers
  13 very ugly things
  7 ophanim (Pan)
  11 yellow draconians
  A dire elephant (Lair:6)
  17 apis (Pan)
  13 lorocyprocas
  10 white draconians
  14 deep elf annihilators
  13 purple draconians
  4 bennus (Tomb:3)
  3 black suns
  16 spark wasps
  11 deep elf demonologists
  The ghost of Fingolfin the Hand of Fortune, a journeyman HaFE of Nemelex Xobeh (Lair:6)
  17 red draconians
  12 deep elf death magi
  Snorg (Orc:1)
  10 eidola
  10 green deaths
  22 blizzard demons
  10 ettins
  16 jiangshi
  6 quicksilver dragon zombies
  A kraken zombie (Hell)
  17 mummy priests
  The ghost of snuffy the Fighter, a journeyman DsGl of Makhleb (D:9)
  Harold (D:11)
  13 yaktaur captains
  11 fire dragons
  8 death oozes
  Fannar (Lair:1)
  Erolcha (D:9)
  45 vault guards
  3 monstrous demonspawn
  20 naga warriors
  6 deep elf high priests
  14 great orbs of eyes
  6 quicksilver dragon skeletons
  5 hell beasts
  16 rakshasas
  3 shambling mangroves (Swamp:3)
  26 ice dragons
  2 spriggan air magi (Depths:4)
  10 centaur warriors
  19 hydras
  A two-headed ogre (shapeshifter) (Zot:2)
  8 anacondas
  5 deep troll shamans
  39 two-headed ogres
  5 ghost crabs
  Erica (Orc:1)
  4 death knights
  29 death scarabs
  27 dancing weapons
  3 tengu warriors
  5 titan zombies
  11 alligators
  16 ogre magi
  28 hell hogs
  5 deep troll earth magi
  5 orc high priests
  7 spriggan berserkers
  10 naga sharpshooters
  Urug (Lair:2)
  20 thrashing horrors
  6 wretched stars
  29 soul eaters
  24 deep elf knights
  5 shock serpents
  10 iron golems
  Sonja (Lair:2)
  37 sun demons
  12 vampire magi
  5 titan skeletons
  32 hell knights
  34 small abominations
  A spark wasp zombie (Depths:4)
  3 storm dragon zombies
  15 shadow wraiths
  A quicksilver dragon simulacrum (Tomb:3)
  10 unseen horrors
  22 sixfirhies
  3 spatial maelstroms
  2 storm dragon skeletons
  6 cherubim
  A death drake (Tar:5)
  12 glowing orange brains
  93 skeletal warriors
  5 torturous demonspawn
  6 iron trolls (Dis:7)
  3 sea snakes (Snake:3)
  3 golden dragon zombies
  8 swamp dragons
  20 deep trolls
  A ghost moth zombie (Crypt:3)
  3 naga ritualists
  4 spriggan druids
  A salamander mystic (Snake:3)
  25 shadow demons
  23 flayed ghosts
  11 anaconda zombies
  9 infernal demonspawn
  14 orc knights
  4 golden dragon skeletons
  A sphinx zombie (Depths:4)
  8 iron dragon zombies
  9 wizards
  31 necromancers
  An obsidian statue (Depths:3)
  3 shadow dragon zombies
  14 deep elf archers
  A gelid demonspawn (Zot:2)
  18 ironbrand convokers
  Pikel (D:6)
  33 phantasmal warriors
  7 harpies
  2 statues (D:11)
  3 orc sorcerers
  7 anaconda skeletons
  6 wolf spider zombies
  7 wolf spiders
  A tengu skeleton (Zig:7)
  10 shining eyes
  An orb spider (Zig:6)
  43 ugly things
  3 mana vipers
  74 deep elf magi
  28 moths of wrath
  3 fire giant zombies
  7 stone giant zombies
  3 shadow dragon skeletons
  A moth of wrath (shapeshifter) (Elf:2)
  7 cyclopes
  30 elephants
  13 salamanders
  13 frost giant zombies
  2 stone giant skeletons
  3 manticores
  4 worldbinders
  9 iron dragon skeletons
  A salamander (shapeshifter) (Vaults:2)
  15 vault sentinels
  A shock serpent zombie (Dis:1)
  4 frost giant skeletons
  6 fire giant skeletons
  An eye of devastation (Depths:1)
  4 guardian serpents
  3 toenail golems
  22 black mambas
  8 dire elephant zombies
  8 molten gargoyles
  3 titan simulacra (Coc:7)
  22 rust devils
  29 naga magi
  A shock serpent skeleton (Crypt:3)
  2 apocalypse crabs
  35 smoke demons
  31 orange demons
  2 emperor scorpion zombies
  An eye of devastation (shapeshifter) (Vaults:3)
  A gargoyle (D:13)
  2 spectral swamp worms (Tar:7)
  7 torpor snails
  Psyche (D:10)
  29 hellions
  22 spiny frogs
  A spiny frog (shapeshifter) (Vaults:2)
  A minotaur zombie (Crypt:3)
  A purple draconian skeleton (Tar:2)
  4 rime drakes
  10 demonic crawlers
  7 komodo dragons
  A komodo dragon (shapeshifter) (Elf:1)
  A kobold demonologist (D:12)
  42 yaktaurs
  4 dire elephant skeletons
  A spriggan skeleton (Zig:7)
  23 tormentors
  10 efreet
  32 guardian mummies
  35 hellwings
  36 ice devils
  35 freezing wraiths
  9 hydra zombies
  4 tengu conjurers
  5 ancient zymes
  6 anaconda simulacra
  A yellow draconian skeleton (Crypt:1)
  5 catoblepas skeletons
  9 trolls
  A meliai (shapeshifter) (Depths:1)
  3 meliai (D:14)
  5 tyrant leeches
  35 red devils
  2 silent spectres
  2 wind drakes (shapeshifter)
  2 jumping spiders
  2 hornets (shapeshifter)
  6 polar bears
  Prince Ribbit (D:8)
  2 wolf spider simulacra
  3 harpy skeletons
  A dream sheep (shapeshifter) (Vaults:5)
  10 raiju
  7 ice dragon zombies
  10 hippogriffs
  5 fire dragon zombies
  17 hornets
  5 hydra skeletons
  Grinder (D:6)
  9 bog bodies
  7 dream sheep
  14 blink frogs
  11 ettin zombies
  A meliai zombie (D:11)
  69 slime creatures
  5 alligator zombies
  A hippogriff (shapeshifter) (Vaults:3)
  3 alligator skeletons
  7 ice dragon skeletons
  142 flying skulls
  14 spriggans
  8 ettin skeletons
  A tarantella (Vaults:3)
  2 wyverns
  A black mamba zombie (Dis:2)
  3 redbacks
  3 air elementals
  A vampire (Abyss:1)
  24 fire elementals
  10 water elementals
  34 yaks
  28 shadows
  7 fire bats
  35 wraiths
  13 ushabtiu
  7 hogs (Swamp:3)
  6 black mamba skeletons
  33 ynoxinuls
  4 basilisks
  A hog (shapeshifter) (Vaults:3)
  27 vampire mosquitoes
  11 golden eyes
  A steam dragon (D:11)
  18 chaos spawn
  An elf zombie (Depths:4)
  23 centaurs
  16 swamp worms
  7 hungry ghosts
  Menkaure (D:7)
  10 insubstantial wisps
  23 neqoxecs
  12 wargs
  2 hydra simulacra (Coc:7)
  63 nagas
  A torturous demonspawn zombie (Crypt:2)
  2 acid dragons
  A soldier ant (shapeshifter) (Depths:1)
  16 water moccasins
  3 spatial vortices
  A faun skeleton (Crypt:1)
  5 spiny frog zombies
  40 hell hounds
  13 porcupines
  Duvessa (D:6)
  4 spiny frog skeletons
  4 floating eyes
  9 ice beasts
  A slave (D:6)
  2 human zombies
  9 swamp drakes
  2 ettin simulacra
  47 orc warriors
  An eye of draining (shapeshifter) (Zig:3)
  4 sky beasts
  5 snapping turtle skeletons
  2 black bears
  5 eyes of draining
  4 manticore zombies
  5 snapping turtle zombies
  An alligator simulacrum (Hell)
  Ijyb (D:4)
  7 phantoms
  A lindwurm zombie (Crypt:2)
  27 necrophages
  17 wolves
  50 ogres
  7 boggarts
  4 swamp dragon skeletons
  2 human skeletons
  16 crocodiles
  A hog skeleton (Crypt:1)
  A manticore skeleton (Tar:2)
  The ghost of zkyp the Poker, an amateur TeSk of Yredelemnul (D:4)
  Blork the orc (D:4)
  4 big kobolds
  A big kobold (shapeshifter) (Depths:2)
  22 bullfrogs
  A merfolk simulacrum (Abyss:3)
  2 earth elementals (Elf:2)
  8 gnoll sergeants (Bailey)
  2 elf skeletons
  2 spiny frog simulacra
  8 wyvern skeletons
  A water moccasin zombie (D:8)
  A scorpion (shapeshifter) (Vaults:5)
  6 scorpions
  2 water moccasin skeletons
  A shapeshifter zombie (Crypt:2)
  A warg zombie (Crypt:2)
  A yak zombie (Crypt:1)
  A snapping turtle simulacrum (Hell)
  60 wights
  3 howler monkeys
  2 bullfrog zombies
  12 crimson imps
  A human simulacrum (Vaults:1)
  4 centaur zombies
  3 quasits
  A wyvern simulacrum (D:14)
  6 gnoll shamans (Bailey)
  7 hounds
  5 jellies
  6 centaur skeletons
  19 orc priests
  2 bullfrog skeletons
  38 iron imps
  2 iguanas
  11 worker ants
  29 orc wizards
  Natasha (twice) (D:4)
  4 hell rats (Hell)
  3 tengu zombies
  A big kobold skeleton (Crypt:2)
  A naga zombie (Crypt:2)
  A naga skeleton (Geh:4)
  2 hound zombies
  A hound skeleton (D:11)
  50 mummies
  A worker ant zombie (D:10)
  20 gnolls
  2 howler monkey skeletons
  6 adders
  21 shadow imps
  20 white imps
  3 ufetubi
  3 oozes
  A worm (D:5)
  6 ball lightnings (Pan)
  2 dart slugs
  3 leopard geckos
  85 orcs
  2 giant cockroaches (D:3)
  8 goblins
  4 hobgoblins
  A hobgoblin (shapeshifter) (Vaults:5)
  4 jackals
  5 quokkas
  A ball python (D:2)
  9 bats
  7 frilled lizards
  A jackal zombie (D:7)
  15 kobolds
  A kobold skeleton (Crypt:1)
  2 kobold zombies
  An orc zombie (Tar:5)
  A quokka zombie (D:9)
  8 rats
  10 briar patches
  3 bushes (D:11)
  2 crawling corpses (Crypt:3)
  4 fire vortices (Pan)
  11 fungi
  2 macabre masses (Abyss:3)
  A pillar of salt (Vaults:3)
  6 plants
  12 starspawn tentacles
  5 tentacles
  2 withered plants (Crypt:3)
4916 creatures vanquished.

Vanquished Creatures (collateral kills)
  Antaeus (Coc:7)
  4 shard shrikes (Coc:7)
  2 Brimstone Fiends
  4 Ice Fiends (Coc:7)
  An Orb Guardian (Tomb:3)
  A quicksilver dragon (Dis:7)
  A lich (Tar:6)
  2 Executioners
  2 daevas (Pan)
  An angel (Pan)
  A draconian annihilator (Pan)
  4 reapers
  An ophan (Pan)
  2 deep elf annihilators (Pan)
  3 green deaths (Pan)
  A rakshasa (Pan)
  An ice dragon (Coc:7)
  A hell hog (Geh:7)
  5 sun demons
  A titan zombie (Geh:7)
  2 hell knights (Geh:7)
  4 iron golems (Dis:7)
  5 skeletal warriors
  3 cherubim (Pan)
  A glowing orange brain (Pan)
  A wizard (Pan)
  A frost giant zombie (Coc:7)
  A fire giant zombie (Coc:7)
  2 stone giant zombies (Coc:7)
  2 molten gargoyles (Geh:7)
  A smoke demon (Pan)
  A hellion (Tar:6)
  An ice devil (Coc:7)
  An efreet (Pan)
  A demonic crawler (Pan)
  A freezing wraith (Coc:7)
  A hellwing (Pan)
  A guardian mummy (Tomb:3)
  A red devil (Geh:7)
  A harpy skeleton (Geh:7)
  An ettin zombie (Coc:7)
  An alligator skeleton (Coc:7)
  7 flying skulls
  An ettin skeleton (Pan)
  A fire dragon skeleton (Coc:7)
  2 ushabtiu (Tomb:3)
  A fire elemental (Geh:7)
  A hungry ghost (Tar:6)
  A neqoxec (Tomb:3)
  Edmund (D:4)
  A spiny frog zombie (Coc:7)
  A swamp dragon zombie (Geh:7)
  2 snapping turtle zombies
  A snapping turtle skeleton (Tar:6)
  Dowan (D:6)
  A crimson imp (Pan)
  Natasha (D:4)
  A mummy (Tomb:3)
  2 orcs
99 creatures vanquished.

Vanquished Creatures (others)
  2 Orb Guardians
  A deep elf master archer (Elf:3)
  2 eldritch tentacles
  A fire giant (Zot:2)
  A draconian stormcaller (Zot:1)
  A draconian annihilator (Zot:3)
  3 stone giants
  A deep elf annihilator (Elf:3)
  A blizzard demon (Pan)
  A kraken zombie (Coc:5)
  A yaktaur captain (Depths:2)
  3 centaur warriors
  3 death scarabs (Tomb:2)
  4 hell hogs
  2 naga sharpshooters
  A deep elf knight (Elf:2)
  A skeletal warrior (Tomb:3)
  3 deep elf archers
  3 deep elf magi
  A cyclops (D:12)
  A starcursed mass (Abyss:3)
  2 naga magi (Snake:4)
  A molten gargoyle (Geh:7)
  2 smoke demons (Pan)
  An orange demon (Pan)
  7 yaktaurs
  A hellion (Geh:7)
  A hellwing (Pan)
  A hornet (Swamp:4)
  A slime creature (Slime:5)
  Sigmund (D:6)
  A wraith (Geh:7)
  A neqoxec (Depths:3)
  A swamp worm (Swamp:4)
  3 nagas
  An insubstantial wisp (Swamp:4)
  A hell hound (Dis:4)
  A porcupine (Lair:1)
  A sky beast (D:11)
  2 slaves (D:6)
  An orc warrior (D:6)
  An ogre (D:4)
  2 boggarts
  A centaur (D:4)
  A big kobold (D:8)
  A bullfrog (D:11)
  An orc wizard (D:4)
  2 hell rats (Hell)
  2 mummies
  12 ball lightnings (Pan)
  An orc (D:3)
  A quokka (D:4)
  2 briar patches
  20 fungi
  20 pillars of salt
  16 plants
  16 starspawn tentacles
  10 tentacles
177 creatures vanquished.

Grand Total: 5192 creatures vanquished

Notes
Turn   | Place    | Note
-------+----------+-------------------------------------------
     0 | D:1      | Artagas the Gargoyle Artificer began the quest for the Orb.
     0 | D:1      | Reached XP level 1. HP: 12/12 MP: 2/2
    61 | D:1      | HP: 1/12 [ooze (4)]
   374 | D:1      | Reached skill level 2 in Fighting
   379 | D:1      | Reached XP level 2. HP: 17/17 MP: 4/4
  1035 | D:1      | Reached skill level 3 in Fighting
  1190 | D:1      | Reached XP level 3. HP: 23/23 MP: 5/5
  1501 | D:2      | Found a hazy altar of Hepliaklqana.
  1722 | D:2      | Found an ornate altar of the Wu Jian Council.
  2336 | D:3      | Reached skill level 4 in Fighting
  2348 | D:3      | Reached XP level 4. HP: 29/29 MP: 6/6
  2356 | D:2      | Found a shadowy altar of Dithmenos.
  2356 | D:2      | Found a burning altar of Makhleb.
  2985 | D:4      | Killed an ogre
  2998 | D:4      | Noticed Natasha
  3003 | D:4      | Killed Natasha
  3003 | D:4      | Reached skill level 5 in Fighting
  3025 | D:4      | Reached skill level 1 in Axes
  3025 | D:4      | Reached XP level 5. HP: 31/35 MP: 7/7
  3118 | D:4      | Reached skill level 2 in Axes
  3287 | D:4      | Found a transporter.
  3287 | D:4      | Noticed zkyp's ghost (amateur TeSk)
  3288 | D:4      | Noticed a phantom
  3288 | D:4      | Noticed an ogre
  3291 | D:4      | Noticed a centaur
  3308 | D:4      | Found a transporter.
  3435 | D:4      | Noticed Natasha
  3435 | D:4      | Noticed Edmund
  3443 | D:4      | Killed Natasha
  3443 | D:4      | Reached XP level 6. HP: 36/40 MP: 8/8
  3452 | D:4      | Reached skill level 3 in Axes
  3570 | D:4      | Noticed Ijyb
  3585 | D:4      | Killed Edmund
  3610 | D:4      | Killed Ijyb
  3610 | D:4      | Reached skill level 4 in Axes
  3775 | D:4      | Reached XP level 7. HP: 44/44 MP: 9/9
  3777 | D:4      | Noticed Natasha
  3781 | D:4      | Killed Natasha
  3781 | D:4      | Reached skill level 1 in Armour
  3966 | D:4      | Found a shimmering altar of Xom.
  4022 | D:4      | Noticed Blork the orc
  4033 | D:4      | Killed Blork the orc
  4327 | D:5      | Entered Level 5 of the Dungeon
  4619 | D:5      | Reached skill level 2 in Armour
  4869 | D:5      | Reached skill level 6 in Fighting
  4869 | D:5      | Reached skill level 5 in Axes
  4869 | D:5      | Reached skill level 3 in Armour
  5171 | D:5      | Found Umony's Magic Scroll Shoppe.
  5183 | D:5      | Reached XP level 8. HP: 47/51 MP: 10/10
  5213 | D:5      | Bought a scroll of teleportation for 30 gold pieces
  5213 | D:5      | Bought a scroll of teleportation for 30 gold pieces
  5213 | D:5      | Bought a scroll of identify for 20 gold pieces
  5213 | D:5      | Bought a scroll of fear for 35 gold pieces
  5213 | D:5      | Bought a scroll of enchant weapon for 75 gold pieces
  5552 | D:6      | Noticed Grinder
  5554 | D:6      | Paralysed by Grinder for 5 turns
  5562 | D:6      | Killed Grinder
  5562 | D:6      | Reached skill level 4 in Armour
  5754 | D:6      | Found a stormy altar of Qazlal.
  5754 | D:6      | Found a sacrificial altar of Ru.
  5754 | D:6      | Found a glowing golden altar of the Shining One.
  5783 | D:6      | Noticed Pikel
  5800 | D:6      | Killed Pikel
  5800 | D:6      | Reached skill level 7 in Fighting
  5800 | D:6      | Reached skill level 6 in Axes
  5881 | D:6      | Noticed Dowan
  5886 | D:6      | Noticed Sigmund
  5909 | D:6      | Noticed Duvessa
  6058 | D:6      | Killed Dowan
  6058 | D:6      | Reached XP level 9. HP: 59/59 MP: 11/11
  6120 | D:6      | Killed Duvessa
  6120 | D:6      | Reached skill level 7 in Axes
  6188 | D:6      | Killed Sigmund
  6435 | D:6      | Reached skill level 8 in Fighting
  6435 | D:6      | Reached skill level 3 in Evocations
  7006 | D:6      | Found an ornate altar of the Wu Jian Council.
  7934 | D:7      | Reached skill level 4 in Evocations
  7963 | D:7      | Found a staircase to the Ecumenical Temple.
  8015 | Temple   | Entered the Ecumenical Temple
  8186 | Temple   | Became a worshipper of Elyvilon the Healer
  8359 | D:7      | Reached skill level 9 in Fighting
  8359 | D:7      | Reached skill level 8 in Axes
  8508 | D:7      | Reached skill level 2 in Invocations
  8576 | D:7      | Noticed Menkaure
  8617 | D:7      | Killed Menkaure
  8617 | D:7      | Reached skill level 3 in Invocations
  9050 | D:7      | Reached skill level 4 in Invocations
  9204 | D:7      | Reached XP level 10. HP: 59/66 MP: 13/13
  9299 | D:8      | Noticed Prince Ribbit
  9334 | D:8      | Reached skill level 5 in Invocations
  9444 | D:8      | Killed Prince Ribbit
  9971 | D:8      | Reached * piety under Elyvilon
 10545 | D:8      | Reached skill level 5 in Armour
 10607 | D:8      | Found a burning altar of Makhleb.
 11082 | D:8      | Noticed a three-headed hydra
 11103 | D:8      | Killed a three-headed hydra
 11103 | D:8      | Reached skill level 10 in Fighting
 11103 | D:8      | Reached skill level 6 in Armour
 11357 | D:9      | Noticed Erolcha
 11478 | D:8      | Reached skill level 9 in Axes
 11789 | D:9      | Found a runed translucent door.
 11828 | D:9      | Noticed snuffy's ghost (journeyman DsGl)
 11828 | D:9      | Identified the cursed +1 trident of Wuept {pierce, rF+++
                  | rC+ Dex-2}
 11938 | D:9      | Reached XP level 11. HP: 29/73 MP: 12/14
 12177 | D:8      | Reached skill level 7 in Armour
 12576 | D:9      | Found a staircase to the Lair.
 12623 | D:9      | Found a snail-covered altar of Cheibriados.
 12630 | D:9      | Noticed Gastronok
 12800 | Lair:1   | Entered Level 1 of the Lair of Beasts
 12800 | Lair:1   | Noticed Fannar
 12827 | Lair:1   | Killed Fannar
 12827 | Lair:1   | Reached skill level 11 in Fighting
 12975 | Lair:1   | Reached ** piety under Elyvilon
 13319 | Lair:1   | Reached skill level 10 in Axes
 14324 | Lair:1   | Reached skill level 6 in Invocations
 14621 | Lair:1   | Reached skill level 5 in Evocations
 14875 | Lair:1   | Reached skill level 8 in Armour
 15436 | Lair:2   | Reached skill level 7 in Invocations
 15622 | Lair:1   | Reached skill level 6 in Evocations
 15837 | Lair:2   | Reached *** piety under Elyvilon
 15844 | Lair:2   | Reached XP level 12. HP: 80/80 MP: 17/17
 15890 | Lair:2   | Noticed Sonja
 16005 | Lair:2   | Noticed Urug
 16084 | Lair:2   | Killed Urug
 16497 | Lair:2   | Reached skill level 11 in Axes
 16678 | Lair:2   | Noticed a six-headed hydra
 16861 | Lair:2   | Pacified a six-headed hydra
 16960 | Lair:2   | HP: 11/80 [porcupine (7)]
 17368 | Lair:2   | Noticed a seven-headed hydra
 17375 | Lair:2   | Killed a seven-headed hydra
 17860 | Lair:2   | Killed Sonja
 17860 | Lair:2   | Reached skill level 12 in Axes
 18775 | Lair:3   | Identified the Compendium of Changing and the Entourage
 18829 | Lair:3   | Reached skill level 12 in Fighting
 19191 | Lair:3   | Found a staircase to the Swamp.
 19548 | Lair:3   | You fall into a shaft and drop 2 floors!
 19694 | Lair:5   | Reached skill level 9 in Armour
 19698 | Lair:5   | Reached XP level 13. HP: 28/87 MP: 18/18
 20212 | Lair:5   | Reached skill level 13 in Fighting
 20343 | Lair:5   | Reached **** piety under Elyvilon
 21211 | Lair:4   | Found a staircase to the Snake Pit.
 21710 | Lair:4   | Found a snail-covered altar of Cheibriados.
 21900 | Lair:4   | Reached skill level 13 in Axes
 22145 | Lair:4   | Noticed an ice dragon
 23304 | Lair:4   | Killed an ice dragon
 23612 | Lair:4   | Reached ***** piety under Elyvilon
 23929 | Lair:5   | Reached skill level 14 in Axes
 24667 | Lair:6   | Entered Level 6 of the Lair of Beasts
 24668 | Lair:6   | Found a transporter.
 24925 | Lair:6   | Found a transporter.
 24925 | Lair:6   | Noticed Fingolfin's ghost (journeyman HaFE)
 25093 | Lair:6   | Found a staircase to the Slime Pits.
 25254 | Lair:6   | Gained mutation: Your large and strong wings let you fly
                  | indefinitely. [Gargoyle growth]
 25254 | Lair:6   | Reached XP level 14. HP: 89/94 MP: 19/19
 25691 | Lair:6   | Reached skill level 15 in Axes
 27208 | Lair:6   | Noticed a dire elephant
 27600 | Lair:6   | Noticed a dire elephant
 27698 | Lair:6   | Noticed a dire elephant
 27714 | Lair:6   | Pacified a dire elephant
 27993 | Lair:6   | Noticed a dire elephant
 27993 | Lair:6   | Noticed a dire elephant
 28383 | D:9      | Killed Erolcha
 28850 | D:9      | Killed Gastronok
 28971 | D:10     | Entered Level 10 of the Dungeon
 28998 | D:10     | Reached skill level 16 in Axes
 29383 | D:10     | Found an ancient bone altar of Kikubaaqudgha.
 29666 | D:10     | Noticed Psyche
 29679 | D:10     | Killed Psyche
 30754 | D:11     | Noticed Harold
 30850 | D:11     | Killed Harold
 31224 | D:11     | Reached ****** piety under Elyvilon
 31547 | D:11     | Got a ruby-encrusted plate armour
 31558 | D:11     | Identified the +3 plate armour of the Unseen Realm {rElec
                  | rC+} (You found it on level 11 of the Dungeon)
 31725 | D:11     | Reached skill level 10 in Armour
 31815 | D:11     | Reached skill level 14 in Fighting
 32290 | D:11     | Reached XP level 15. HP: 70/100 MP: 17/20
 32528 | D:11     | Reached skill level 8 in Invocations
 33132 | D:12     | Found Zaudem's Jewellery Emporium.
 33228 | D:12     | Found a flagged portal.
 33248 | Bailey   | Entered a bailey
 33531 | Bailey   | Got a smoking short sword
 33548 | Bailey   | Identified the +1 short sword of Strategic Superiority
                  | {pierce, rF+} (You found it in a bailey)
 33754 | D:12     | Found a staircase to the Orcish Mines.
 34022 | D:12     | Reached skill level 9 in Invocations
 34830 | D:13     | Found a gate to the Vaults.
 35377 | D:13     | Reached skill level 10 in Invocations
 35472 | Orc:1    | Entered Level 1 of the Orcish Mines
 35531 | Orc:1    | Noticed Erica
 35545 | Orc:1    | Killed Erica
 35665 | Orc:1    | Noticed Snorg
 35682 | Orc:1    | Killed Snorg
 35683 | Orc:1    | Found Nyvuitaq's General Store.
 36066 | Orc:1    | Reached skill level 17 in Axes
 36166 | Orc:1    | Bought a scroll of blinking for 127 gold pieces
 36166 | Orc:1    | Bought a potion of heal wounds for 85 gold pieces
 36166 | Orc:1    | Bought a scroll of fog for 34 gold pieces
 36178 | Orc:1    | Found a runed translucent door.
 36178 | Orc:1    | Noticed Nattefrost's ghost (journeyman CeBe)
 36285 | Orc:2    | Entered Level 2 of the Orcish Mines
 36491 | Orc:2    | Found a staircase to the Elven Halls.
 36934 | Orc:1    | Reached skill level 2 in Dodging
 37500 | Orc:1    | You are sucked into a shaft and drop 1 floor!
 38252 | Orc:2    | Found Axken's Antique Armour Emporium.
 38252 | Orc:2    | Found Demiutum's Jewellery Emporium.
 38253 | Orc:2    | Found Micric's Assorted Antiques.
 38256 | Orc:2    | Found Vymom's Magic Scroll Shoppe.
 38407 | Orc:2    | Bought a scroll labeled WIUQISOPNY for 26 gold pieces
 38407 | Orc:2    | Bought a murky brown potion for 23 gold pieces
 38407 | Orc:2    | Bought a glowing blue amulet for 130 gold pieces
 38407 | Orc:2    | Bought a scroll of fog for 52 gold pieces
 38413 | Orc:2    | Bought a slimy helmet for 247 gold pieces
 38423 | Orc:2    | Identified the +2 helmet "Hatamm" {+Blink rN+++ Regen+
                  | Dex-2} (You bought it in a shop on level 2 of the Orcish
                  | Mines)
 38434 | Orc:2    | Bought the ring "Kyurchal" {rC+ rN+ MR+} for 633 gold
                  | pieces
 38585 | Orc:2    | Found a roughly hewn altar of Beogh.
 39042 | Orc:1    | Noticed Jorgrun
 39053 | Orc:1    | Killed Jorgrun
 39395 | D:14     | Reached skill level 3 in Dodging
 39606 | D:14     | Reached XP level 16. HP: 98/107 MP: 24/24
 39746 | D:14     | Found a sacrificial altar of Ru.
 39844 | D:14     | Found a glowing golden altar of the Shining One.
 40119 | D:15     | Entered Level 15 of the Dungeon
 40526 | D:15     | Reached skill level 11 in Invocations
 40556 | D:15     | Found Plog's Antique Armour Boutique.
 40620 | D:15     | Reached skill level 11 in Armour
 40742 | D:15     | Reached skill level 4 in Dodging
 41266 | D:15     | Found a staircase to the Depths.
 41537 | Elf:1    | Entered Level 1 of the Elven Halls
 42135 | Elf:1    | Reached skill level 15 in Fighting
 42197 | Elf:1    | Identified Udebb's Handbook of Arcane Weapons
 42232 | Elf:1    | Reached skill level 5 in Dodging
 42313 | Elf:1    | Got a smoking longbow
 42326 | Elf:1    | Identified the +3 longbow of Hisiucib {freeze, *Drain rPois
                  | rN+} (You found it on level 1 of the Elven Halls)
 42985 | Elf:1    | Noticed Asterion
 43003 | Elf:1    | Killed Asterion
 43003 | Elf:1    | Reached skill level 12 in Invocations
 43159 | Elf:2    | Reached skill level 12 in Armour
 43203 | Elf:2    | Found Qalasudgh's Jewellery Shop.
 43556 | Elf:2    | Reached skill level 6 in Dodging
 44195 | Elf:2    | Reached skill level 7 in Dodging
 44202 | Elf:2    | Reached XP level 17. HP: 89/113 MP: 26/26
 44457 | Elf:2    | Found a huge runed translucent gate.
 44459 | Elf:2    | Found a huge runed translucent gate.
 44459 | Elf:2    | Found a huge runed translucent gate.
 44460 | Elf:2    | Found a huge runed translucent gate.
 44460 | Elf:2    | Found a huge runed translucent gate.
 45394 | Elf:2    | Noticed a deep elf blademaster
 45455 | Elf:2    | Killed a deep elf blademaster
 45675 | Elf:2    | Reached skill level 1 in Shields
 45778 | Elf:2    | Reached skill level 2 in Shields
 45859 | Elf:2    | Reached skill level 18 in Axes
 46215 | Elf:3    | Entered Level 3 of the Elven Halls
 46370 | Elf:3    | Reached skill level 3 in Shields
 46433 | Elf:3    | Noticed an Executioner
 46539 | Elf:3    | Noticed a Hell Sentinel
 46587 | Elf:3    | Reached skill level 4 in Shields
 46761 | Elf:3    | Reached skill level 5 in Shields
 46922 | Elf:3    | Noticed a Brimstone Fiend
 47171 | Elf:3    | Identified the +9 morningstar "Embalmer" {pain, rN++}
 47203 | Elf:3    | Reached skill level 6 in Shields
 47235 | Elf:3    | Noticed an Ice Fiend
 47452 | Elf:3    | Noticed an Executioner
 47772 | Elf:2    | Reached skill level 7 in Shields
 47918 | Elf:3    | Noticed a Tzitzimitl
 48064 | Elf:2    | Reached skill level 8 in Shields
 48147 | Elf:3    | Identified the +11 war axe "Guxot" {flame, rN+ Int+2}
 48147 | Elf:3    | Identified the +3 leather armour of Plasticity {*Slow
                  | +Blink Dex+10}
 48435 | Elf:3    | Reached skill level 9 in Shields
 48504 | Elf:3    | Noticed a deep elf blademaster
 48529 | Elf:2    | Killed a deep elf blademaster
 48529 | Elf:2    | Reached XP level 18. HP: 93/119 MP: 27/27
 48589 | Elf:3    | Noticed a Hell Sentinel
 48592 | Elf:3    | Noticed a Tzitzimitl
 48593 | Elf:3    | Noticed a Hell Sentinel
 48817 | Elf:2    | Noticed an Ice Fiend
 48820 | Elf:2    | Reached skill level 10 in Shields
 48969 | Elf:3    | Noticed a deep elf master archer
 48973 | Elf:3    | Identified the cursed +0 scale mail of Qazlal's Esteem
                  | {Str+3}
 48973 | Elf:3    | Noticed a deep elf blademaster
 48974 | Elf:3    | Killed a deep elf master archer
 48998 | Elf:3    | Killed a deep elf blademaster
 49106 | Elf:3    | Identified the ring of Jowaelyo {Fire Str+4 Stlth-}
 49417 | Elf:3    | Identified the +10 falchion "Newtbane" {slice, *Rage MR+
                  | Int+2}
 49681 | Elf:3    | Identified the Disquisition on Lightness and Conjuration
 49941 | Elf:3    | Noticed a deep elf master archer
 49945 | Elf:3    | Killed a deep elf master archer
 49945 | Elf:3    | Reached skill level 11 in Shields
 49981 | Elf:3    | Identified the +12 morningstar "Weigiat" {freeze, Int+2}
 50169 | Elf:3    | Found a runed translucent door.
 50528 | Elf:3    | Noticed Opsifuid's ghost (journeyman BaBe)
 50772 | Depths:1 | Entered Level 1 of the Depths
 50870 | Depths:1 | Found a glowing golden altar of the Shining One.
 51074 | Depths:1 | Found a gateway to Hell.
 51082 | Depths:1 | Reached skill level 13 in Armour
 51465 | Depths:1 | Found a gateway to a ziggurat.
 51798 | Depths:1 | Reached skill level 16 in Fighting
 51862 | Depths:1 | Reached skill level 12 in Shields
 52269 | Depths:1 | Paralysed by a floating eye for 2 turns
 52278 | Depths:1 | Paralysed by a floating eye for 2 turns
 52323 | Depths:1 | Paralysed by a floating eye for 3 turns
 52342 | Depths:1 | Paralysed by a floating eye for 2 turns
 52569 | Depths:2 | Reached XP level 19. HP: 125/125 MP: 28/28
 52651 | Depths:2 | Reached skill level 14 in Armour
 53189 | Depths:2 | Found a one-way gate leading to the halls of Pandemonium.
 53234 | Depths:2 | Reached skill level 13 in Shields
 53377 | Depths:2 | Noticed a tentacled monstrosity
 53390 | Depths:2 | Killed a tentacled monstrosity
 54226 | Depths:2 | Reached skill level 15 in Armour
 54280 | Depths:3 | Reached skill level 14 in Shields
 54784 | Depths:3 | Found a one-way gate to the infinite horrors of the Abyss.
 55037 | Depths:3 | Reached skill level 15 in Shields
 55257 | Depths:3 | Noticed Jory
 55291 | Depths:3 | Killed Jory
 55406 | Depths:3 | Got a heavily runed plate armour
 55417 | Depths:3 | Identified the +12 plate armour "Muempom" {rPois Regen+}
                  | (You found it on level 3 of the Depths)
 55756 | Depths:3 | Reached XP level 20. HP: 129/132 MP: 29/29
 56526 | Depths:4 | Noticed an ancient lich
 56561 | Depths:3 | Reached skill level 13 in Invocations
 56748 | Depths:3 | Killed an ancient lich
 56748 | Depths:3 | Reached skill level 16 in Armour
 56777 | Depths:3 | Reached skill level 17 in Fighting
 57012 | Depths:4 | Identified Kikubaaqudgha's Catalogue of Stolen Souls
 57279 | Depths:4 | Identified the cursed -3 large shield of Bugix {rCorr}
 57403 | Depths:4 | Found a glowing golden altar of the Shining One.
 57500 | Depths:4 | Fell from the grace of Elyvilon
 57500 | Depths:4 | Became a worshipper of the Shining One
 57500 | Depths:4 | Reached * piety under the Shining One
 57500 | Depths:4 | Reached ** piety under the Shining One
 57500 | Depths:4 | Reached *** piety under the Shining One
 57612 | Depths:4 | Found a corrupted altar of Lugonu.
 57981 | Depths:5 | Entered Level 5 of the Depths
 57988 | Depths:5 | Reached skill level 14 in Invocations
 58345 | Depths:5 | Reached **** piety under the Shining One
 58352 | Depths:5 | Reached XP level 21. HP: 132/140 MP: 31/31
 58394 | Depths:5 | Reached skill level 17 in Armour
 58551 | Depths:5 | Reached skill level 18 in Fighting
 58999 | Depths:5 | Found a gate to the Realm of Zot.
 58999 | Depths:5 | Noticed a bone dragon
 58999 | Depths:5 | Noticed a golden dragon
 59027 | Depths:5 | Killed a golden dragon
 59027 | Depths:5 | Reached skill level 15 in Invocations
 59032 | Depths:5 | Killed a bone dragon
 59431 | Hell     | Entered the Vestibule of Hell
 59431 | Hell     | Noticed Geryon
 59441 | Hell     | Reached ***** piety under the Shining One
 59511 | Hell     | Noticed Murray
 59522 | Depths:5 | Reached skill level 16 in Invocations
 59560 | Hell     | Gained mutation: Armour fits poorly on your strangely
                  | shaped body. [a cacodemon]
 59574 | Depths:5 | Killed Murray
 59896 | Depths:5 | Reached skill level 17 in Invocations
 60052 | Hell     | Killed Geryon
 60069 | Hell     | Reached ****** piety under the Shining One
 60144 | Hell     | Identified a +6 broad axe of holy wrath (a +4 broad axe of
                  | electrocution blessed by the Shining One)
 60144 | Hell     | Received a gift from the Shining One
 60178 | Hell     | Found a gateway to the freezing wastes of Cocytus.
 60232 | Hell     | Found a gateway to the Iron City of Dis.
 60302 | Hell     | Reached XP level 22. HP: 148/148 MP: 34/34
 60309 | Hell     | Found a gateway to the ashen valley of Gehenna.
 60379 | Hell     | Found a gateway to the decaying netherworld of Tartarus.
 60537 | Dis:1    | Entered Level 1 of the Iron City of Dis
 61229 | Dis:2    | Reached skill level 18 in Invocations
 61232 | Dis:2    | Reached skill level 19 in Fighting
 62033 | Dis:7    | Entered Level 7 of the Iron City of Dis
 62286 | Dis:7    | Reached skill level 16 in Shields
 62350 | Dis:7    | Reached XP level 23. HP: 142/156 MP: 36/36
 62446 | Dis:7    | Reached skill level 19 in Invocations
 62478 | Dis:7    | Reached skill level 20 in Fighting
 62755 | Dis:7    | Reached skill level 20 in Invocations
 62896 | Dis:7    | Identified the +4 staff of Dispater
 62896 | Dis:7    | Noticed Dispater
 62930 | Dis:7    | Killed Dispater
 62977 | Dis:7    | Found the +7 Spriggan's Knife {stab, EV+4 Stlth+}
 62988 | Dis:7    | Got an iron rune of Zot
 62998 | Dis:7    | Identified the Papyrus of Shifting Slavery
 63003 | Dis:7    | Identified Ahel's Guide on the Entourage and Toxins
 63172 | Dis:7    | Reached skill level 21 in Invocations
 63734 | Temple   | Fell from the grace of the Shining One
 63734 | Temple   | Became a worshipper of Zin the Law-Giver
 63734 | Temple   | Reached * piety under Zin
 63734 | Temple   | Reached ** piety under Zin
 63734 | Temple   | Reached *** piety under Zin
 63734 | Temple   | Reached **** piety under Zin
 63734 | Temple   | Reached ***** piety under Zin
 63911 | Swamp:1  | Entered Level 1 of the Swamp
 65038 | Swamp:3  | Noticed Kirke
 65065 | Swamp:3  | Killed Kirke
 65065 | Swamp:3  | Reached XP level 24. HP: 123/163 MP: 37/37
 65416 | Swamp:3  | Reached ****** piety under Zin
 65695 | Swamp:4  | Entered Level 4 of the Swamp
 65766 | Swamp:4  | Noticed Roxanne
 65793 | Swamp:4  | Killed Roxanne
 66138 | Swamp:4  | Noticed the 27-headed Lernaean hydra
 66168 | Swamp:4  | Killed the 23-headed Lernaean hydra
 66386 | Swamp:4  | Reached skill level 17 in Shields
 66398 | Swamp:4  | Got a decaying rune of Zot
 66756 | Snake:1  | Entered Level 1 of the Snake Pit
 66909 | Snake:1  | Reached skill level 18 in Armour
 67401 | Snake:2  | Reached skill level 21 in Fighting
 67641 | Snake:2  | Noticed Louise
 67646 | Snake:2  | Killed Louise
 67928 | Snake:2  | Got a spiked helmet
 67939 | Snake:2  | Identified the +0 helmet of Analysis {*Drain +Fly rN++
                  | SInv} (You found it on level 2 of the Snake Pit)
 69357 | Snake:4  | Entered Level 4 of the Snake Pit
 69785 | Snake:4  | Found Typuaxt's Jewellery Boutique.
 69787 | Snake:4  | Found Jipit's Antique Armour Shop.
 69789 | Snake:4  | Found Xengud's Distillery.
 69797 | Snake:4  | Bought 2 potions of agility for 88 gold pieces
 69797 | Snake:4  | Bought a potion of ambrosia for 88 gold pieces
 69797 | Snake:4  | Bought a potion of might for 44 gold pieces
 69797 | Snake:4  | Bought a potion of magic for 88 gold pieces
 69797 | Snake:4  | Bought 2 potions of agility for 88 gold pieces
 69797 | Snake:4  | Bought a potion of curing for 33 gold pieces
 69797 | Snake:4  | Bought 2 potions of heal wounds for 110 gold pieces
 69797 | Snake:4  | Bought a potion of curing for 33 gold pieces
 69797 | Snake:4  | Bought a potion of heal wounds for 55 gold pieces
 69797 | Snake:4  | Bought a potion of heal wounds for 55 gold pieces
 70079 | Snake:4  | Reached XP level 25. HP: 167/171 MP: 37/37
 70222 | Snake:4  | Got a serpentine rune of Zot
 70613 | Vaults:1 | Entered Level 1 of the Vaults
 70729 | Vaults:1 | Reached skill level 18 in Shields
 70980 | Vaults:1 | Reached skill level 19 in Armour
 72073 | Vaults:2 | Reached skill level 22 in Invocations
 72366 | Vaults:2 | Found Taurir's Distillery.
 72374 | Vaults:2 | Bought a potion of curing for 42 gold pieces
 72374 | Vaults:2 | Bought a potion of mutation for 112 gold pieces
 72374 | Vaults:2 | Bought a potion of curing for 42 gold pieces
 72374 | Vaults:2 | Bought a potion of curing for 42 gold pieces
 72374 | Vaults:2 | Bought a potion of curing for 42 gold pieces
 72374 | Vaults:2 | Bought a potion of resistance for 140 gold pieces
 72374 | Vaults:2 | Bought a potion of curing for 42 gold pieces
 72374 | Vaults:2 | Bought a potion of agility for 56 gold pieces
 72374 | Vaults:2 | Bought a potion of ambrosia for 112 gold pieces
 72985 | Vaults:3 | Noticed Saint Roka
 73003 | Vaults:3 | Killed Saint Roka
 73143 | Vaults:3 | Reached skill level 19 in Shields
 73270 | Vaults:3 | Reached skill level 20 in Armour
 73591 | Vaults:3 | Found a staircase to the Crypt.
 73692 | Vaults:3 | Reached skill level 20 in Shields
 73710 | Vaults:3 | Reached XP level 26. HP: 172/177 MP: 38/38
 73753 | Vaults:3 | Reached skill level 7 in Evocations
 74050 | Vaults:3 | Reached skill level 8 in Evocations
 74564 | Vaults:4 | Reached skill level 9 in Evocations
 74900 | Vaults:4 | Reached skill level 10 in Evocations
 75250 | Vaults:4 | Reached skill level 11 in Evocations
 75982 | Vaults:4 | Reached skill level 12 in Evocations
 75984 | Vaults:4 | Paralysed by a floating eye for 4 turns
 76847 | Vaults:5 | Entered Level 5 of the Vaults
 76852 | Vaults:5 | Reached skill level 13 in Evocations
 76920 | Vaults:5 | Reached skill level 14 in Evocations
 76922 | Vaults:5 | Reached XP level 27. HP: 128/182 MP: 38/38
 77354 | Vaults:5 | Found Beophof's Antique Armour Boutique.
 77391 | Vaults:5 | Reached skill level 15 in Evocations
 77432 | Vaults:5 | Found Huvas's Book Shoppe.
 77700 | Vaults:5 | Got a pair of slimy gloves
 77706 | Vaults:5 | Identified the +2 pair of gloves "Pyamp" {+Fly} (You found
                  | it on level 5 of the Vaults)
 77779 | Vaults:5 | Found Geemikk's Gadget Shop.
 77783 | Vaults:5 | Bought a wand of acid (9) for 364 gold pieces
 77783 | Vaults:5 | Bought a wand of paralysis (9) for 154 gold pieces
 78011 | Vaults:5 | Found Enaytt's Magic Scroll Shoppe.
 78015 | Vaults:5 | Got a silver rune of Zot
 78049 | Vaults:5 | Found Isedeuneut's Distillery.
 78050 | Vaults:5 | Bought a scroll of enchant weapon for 90 gold pieces
 78050 | Vaults:5 | Bought a scroll of blinking for 90 gold pieces
 78050 | Vaults:5 | Bought a scroll of holy word for 90 gold pieces
 78050 | Vaults:5 | Bought a scroll of magic mapping for 42 gold pieces
 78167 | Vaults:5 | Bought a potion of curing for 48 gold pieces
 78167 | Vaults:5 | Bought a potion of heal wounds for 80 gold pieces
 78167 | Vaults:5 | Bought a potion of haste for 160 gold pieces
 78167 | Vaults:5 | Bought a potion of curing for 48 gold pieces
 78167 | Vaults:5 | Bought a potion of resistance for 160 gold pieces
 78167 | Vaults:5 | Bought a potion of magic for 128 gold pieces
 78167 | Vaults:5 | Bought a potion of cancellation for 128 gold pieces
 78167 | Vaults:5 | Bought a potion of agility for 64 gold pieces
 78167 | Vaults:5 | Bought a potion of heal wounds for 80 gold pieces
 78167 | Vaults:5 | Bought a potion of might for 64 gold pieces
 78190 | Vaults:5 | Found Oziked's Distillery.
 78190 | Vaults:5 | Found Najup's Magic Scroll Emporium.
 78218 | Vaults:5 | Bought a potion of curing for 51 gold pieces
 78218 | Vaults:5 | Bought a potion of curing for 51 gold pieces
 78218 | Vaults:5 | Bought 2 potions of magic for 272 gold pieces
 78218 | Vaults:5 | Bought a potion of curing for 51 gold pieces
 78218 | Vaults:5 | Bought a potion of haste for 170 gold pieces
 78218 | Vaults:5 | Bought a potion of flight for 51 gold pieces
 78218 | Vaults:5 | Bought 2 potions of haste for 340 gold pieces
 78218 | Vaults:5 | Bought a potion of haste for 170 gold pieces
 78218 | Vaults:5 | Bought a potion of curing for 51 gold pieces
 78224 | Vaults:5 | Found Geuhuif's Magic Scroll Shop.
 78225 | Vaults:5 | Bought a scroll of teleportation for 57 gold pieces
 78225 | Vaults:5 | Bought a scroll of fear for 66 gold pieces
 78225 | Vaults:5 | Bought a scroll of holy word for 142 gold pieces
 78232 | Vaults:5 | Bought a scroll of magic mapping for 66 gold pieces
 78232 | Vaults:5 | Bought a scroll of enchant armour for 142 gold pieces
 78377 | Vaults:5 | Found Onuon's Book Shoppe.
 78610 | Vaults:5 | Found Xohaobim's Magic Scroll Shoppe.
 78610 | Vaults:5 | Found Fyhes's Magic Scroll Boutique.
 78614 | Vaults:5 | Bought a scroll of acquirement for 728 gold pieces
 78614 | Vaults:5 | Bought a scroll of blinking for 105 gold pieces
 78614 | Vaults:5 | Bought a scroll of teleportation for 42 gold pieces
 78615 | Vaults:5 | Got a steaming bronze ring
 78617 | Vaults:5 | Identified the ring of Bawk {+Inv rPois MP+9 Str-2 SInv}
                  | (You acquired it on level 5 of the Vaults)
 78638 | Vaults:5 | Found Vofid's Food Emporium.
 79490 | Vaults:5 | Found Woxuite's Distillery.
 79494 | Vaults:5 | Bought a potion of heal wounds for 65 gold pieces
 79494 | Vaults:5 | Bought a potion of resistance for 130 gold pieces
 79494 | Vaults:5 | Bought a potion of heal wounds for 65 gold pieces
 79494 | Vaults:5 | Bought a potion of heal wounds for 65 gold pieces
 79494 | Vaults:5 | Bought a potion of heal wounds for 65 gold pieces
 79554 | Vaults:5 | Bought a scroll of fear for 77 gold pieces
 79554 | Vaults:5 | Bought 2 scrolls of teleportation for 132 gold pieces
 79554 | Vaults:5 | Bought a scroll of blinking for 165 gold pieces
 79854 | Slime:1  | Entered Level 1 of the Pits of Slime
 81134 | Slime:5  | Entered Level 5 of the Pits of Slime
 81722 | Slime:5  | Noticed the Royal Jelly
 83066 | Orc:1    | Killed Nattefrost's ghost
 83145 | Orc:2    | Bought a scroll of magic mapping for 49 gold pieces
 83145 | Orc:2    | Bought a scroll of immolation for 49 gold pieces
 83843 | Orc:2    | Bought a scroll of immolation for 49 gold pieces
 83843 | Orc:2    | Bought a scroll of holy word for 105 gold pieces
 84078 | Vaults:5 | Bought a scroll of immolation for 77 gold pieces
 85898 | Slime:5  | Found a viscous altar of Jiyva.
 86003 | Slime:5  | Reached skill level 21 in Armour
 86428 | Slime:5  | Reached skill level 21 in Shields
 86440 | Slime:5  | Killed the Royal Jelly
 86440 | Slime:5  | Reached skill level 22 in Fighting
 86756 | Slime:5  | Identified the cursed +0 plate armour "Fucit" {-Cast +Inv
                  | rPois Int+2} (You found it on level 5 of the Pits of Slime)
 86812 | Slime:5  | Identified the +4 war axe of Disorder {chop, *Drain Fragile
                  | rF+ rN++} (You found it on level 5 of the Pits of Slime)
 86824 | Slime:5  | Identified Gogotam's Collected Works on the Mountains
 86834 | Slime:5  | Got a warped pewter ring
 86836 | Slime:5  | Identified the ring of Vein {+Blink MR+ Int-3 Stlth-} (You
                  | found it on level 5 of the Pits of Slime)
 86858 | Slime:5  | Got a slimy rune of Zot
 86867 | Slime:5  | Identified the +1 chain mail of Impressiveness {Str+3
                  | Slay+3} (You found it on level 5 of the Pits of Slime)
 87147 | D:9      | Killed snuffy's ghost
 87312 | D:4      | Killed zkyp's ghost
 87601 | Lair:6   | Killed Fingolfin's ghost
 88006 | Elf:3    | Killed Opsifuid's ghost
 88314 | Depths:1 | Paralysed by a floating eye for 2 turns
 88323 | Depths:1 | Paralysed by a floating eye for 4 turns
 88594 | Depths:3 | Reached skill level 23 in Invocations
 88783 | Depths:3 | Voluntarily entered the Abyss.
 88819 | Abyss:1  | Lost mutation: Armour fits poorly on your strangely shaped
                  | body. [potion of mutation]
 89506 | Abyss:2  | Paralysed by accursed screaming for 1 turns
 90048 | Abyss:3  | Found a corrupted altar of Lugonu.
 90206 | Abyss:3  | Found an ancient bone altar of Kikubaaqudgha.
 90206 | Abyss:3  | Found a radiant altar of Vehumet.
 90206 | Abyss:3  | Found a shimmering blue altar of Sif Muna.
 90206 | Abyss:3  | Found a glowing silver altar of Zin.
 90206 | Abyss:3  | Found a sparkling altar of Nemelex Xobeh.
 90206 | Abyss:3  | Found a shimmering altar of Xom.
 90207 | Abyss:3  | Found a stormy altar of Qazlal.
 90207 | Abyss:3  | Found an ornate altar of the Wu Jian Council.
 90207 | Abyss:3  | Found a burning altar of Makhleb.
 90207 | Abyss:3  | Found a glowing golden altar of the Shining One.
 90208 | Abyss:3  | Found a hide-covered altar of Uskayaw.
 90210 | Abyss:3  | Found a shadowy altar of Dithmenos.
 90210 | Abyss:3  | Found an opulent altar of Gozag.
 90210 | Abyss:3  | Found a hazy altar of Hepliaklqana.
 90212 | Abyss:3  | Found an iron altar of Okawaru.
 90212 | Abyss:3  | Found a shattered altar of Ashenzari.
 90212 | Abyss:3  | Found a basalt altar of Yredelemnul.
 90212 | Abyss:3  | Found a snail-covered altar of Cheibriados.
 90214 | Abyss:3  | Found a bloodstained altar of Trog.
 90214 | Abyss:3  | Found a snail-covered altar of Cheibriados.
 90214 | Abyss:3  | Found a blossoming altar of Fedhas.
 90242 | Abyss:3  | Found a sparkling altar of Nemelex Xobeh.
 90461 | Abyss:3  | Got an abyssal rune of Zot
 90664 | Abyss:3  | Found a corrupted altar of Lugonu.
 90980 | Depths:3 | Escaped the Abyss
 91549 | Vaults:5 | Bought a scroll of enchant weapon for 165 gold pieces
 91549 | Vaults:5 | Bought a scroll of enchant weapon for 165 gold pieces
 91549 | Vaults:5 | Bought a scroll of enchant weapon for 165 gold pieces
 91905 | Zot:1    | Entered Level 1 of the Realm of Zot
 91908 | Zot:1    | Reached skill level 22 in Armour
 91909 | Zot:1    | Reached skill level 22 in Shields
 92333 | Zot:1    | Reached skill level 23 in Fighting
 93255 | Zot:1    | Reached skill level 24 in Invocations
 93872 | Zot:1    | Identified the Guide on Supportive Contamination
 94579 | Zot:2    | Noticed an orb of fire
 94621 | Zot:2    | Killed an orb of fire
 95665 | Zot:2    | Noticed an ancient lich
 95665 | Zot:2    | Paralysed by an ancient lich for 3 turns
 95680 | Zot:2    | Killed an ancient lich
 95845 | Zot:2    | Reached skill level 23 in Armour
 96064 | Zot:3    | Reached skill level 23 in Shields
 96369 | Zot:3    | Reached skill level 24 in Fighting
 97188 | Zot:4    | Reached skill level 25 in Invocations
 98334 | Zot:5    | Entered Level 5 of the Realm of Zot
 99147 | Zot:5    | Noticed an orb of fire
 99193 | Zot:5    | Killed an orb of fire
 99371 | Zot:5    | Noticed an orb of fire
 99411 | Zot:5    | Killed an orb of fire
 99768 | Zot:5    | Noticed an ancient lich
100351 | Zot:5    | Noticed an orb of fire
100411 | Zot:5    | Killed an orb of fire
100413 | Zot:5    | Killed an ancient lich
100424 | Zot:5    | Noticed a juggernaut
100424 | Zot:5    | a Killer Klown changed into a juggernaut
100438 | Zot:5    | Killed a juggernaut
100700 | Zot:5    | Reached skill level 24 in Armour
100752 | Zot:5    | Noticed an ancient lich
100762 | Zot:5    | Killed an ancient lich
100762 | Zot:5    | Reached skill level 24 in Shields
101288 | Zot:5    | Noticed an orb of fire
101399 | Zot:5    | Noticed an orb of fire
101439 | Zot:5    | Killed an orb of fire
101452 | Zot:5    | Killed an orb of fire
101456 | Zot:5    | Noticed an ancient lich
101814 | Zot:5    | Killed an ancient lich
101814 | Zot:5    | Reached skill level 25 in Fighting
101956 | Zot:5    | Noticed an ancient lich
101976 | Zot:5    | Killed an ancient lich
102250 | Zot:5    | Noticed an ancient lich
102260 | Zot:5    | Killed an ancient lich
102394 | Zot:5    | Noticed an ancient lich
102520 | Zot:5    | Identified the +4 dragonskin cloak
102520 | Zot:5    | Noticed Tiamat
102540 | Zot:5    | Killed an ancient lich
102540 | Zot:5    | Reached skill level 26 in Invocations
103222 | Zot:5    | Killed Tiamat
103919 | Depths:4 | Fell from the grace of Zin
103919 | Depths:4 | Became a worshipper of the Shining One
104265 | Crypt:1  | Entered Level 1 of the Crypt
105070 | Crypt:2  | Reached skill level 25 in Armour
105080 | Crypt:2  | Reached skill level 25 in Shields
105081 | Crypt:2  | Found a huge runed gate.
105081 | Crypt:2  | Found a huge runed gate.
105081 | Crypt:2  | Found a huge runed gate.
105121 | Crypt:2  | Found a huge runed gate.
105121 | Crypt:2  | Found a huge runed gate.
105125 | Crypt:2  | Found a huge runed gate.
105125 | Crypt:2  | Found a huge runed gate.
105125 | Crypt:2  | Found a huge runed gate.
105125 | Crypt:2  | Found a huge runed gate.
105126 | Crypt:2  | Found a huge runed gate.
105127 | Crypt:2  | Found a huge runed gate.
105128 | Crypt:2  | Found a huge runed gate.
105139 | Crypt:2  | Found a huge runed gate.
105197 | Crypt:2  | Noticed an ancient lich
105217 | Crypt:2  | Killed an ancient lich
105674 | Crypt:3  | Entered Level 3 of the Crypt
105912 | Crypt:3  | Found the +7 Kryia's mail coat {PotionHeal*2 rC+}
105914 | Crypt:3  | Noticed an ancient lich
105924 | Crypt:3  | Killed an ancient lich
105924 | Crypt:3  | Reached skill level 26 in Fighting
106062 | Crypt:3  | Found an ancient bone altar of Kikubaaqudgha.
106208 | Crypt:3  | Noticed Margery
106235 | Crypt:3  | Killed Margery
106540 | Crypt:3  | Found a staircase to the Tomb.
106907 | Crypt:3  | Noticed Boris
106912 | Crypt:3  | Killed Boris
106919 | Crypt:3  | Reached skill level 27 in Invocations
106923 | Crypt:3  | Identified the Volume of Black Arts
107449 | Tar:1    | Entered Level 1 of Tartarus
108507 | Hell     | Reached skill level 8 in Dodging
108850 | Tar:2    | Reached skill level 26 in Shields
108858 | Tar:2    | Reached skill level 26 in Armour
109193 | Tar:3    | Reached skill level 9 in Dodging
109441 | Tar:7    | Entered Level 7 of Tartarus
110063 | Tar:7    | Reached skill level 10 in Dodging
110140 | Tar:7    | Noticed Ereshkigal
110146 | Tar:7    | Reached skill level 27 in Fighting
110166 | Tar:7    | Killed Ereshkigal
110235 | Tar:7    | Got a bone rune of Zot
110239 | Tar:7    | Identified Pulaigumm's Guide on the Blistering Escort
110367 | Tar:7    | Reached skill level 11 in Dodging
110530 | Coc:1    | Entered Level 1 of Cocytus
110574 | Coc:1    | Reached skill level 27 in Armour
110608 | Coc:3    | Reached skill level 27 in Shields
110853 | Coc:5    | Reached skill level 12 in Dodging
111163 | Coc:7    | Entered Level 7 of Cocytus
111169 | Coc:7    | Reached skill level 13 in Dodging
111276 | Coc:7    | Reached skill level 16 in Evocations
111536 | Coc:7    | Reached skill level 14 in Dodging
111740 | Coc:7    | Reached skill level 17 in Evocations
111752 | Coc:7    | Noticed Antaeus
111787 | Coc:7    | Killed Antaeus
111799 | Coc:7    | Got an icy rune of Zot
111838 | Coc:7    | Got a transparent jade ring
111839 | Coc:7    | Identified the ring of Vusofev {rF- Str+3 Int+7 Dex+3} (You
                  | found it on level 7 of Cocytus)
112866 | Vaults:5 | Bought a scroll of enchant armour for 105 gold pieces
112866 | Vaults:5 | Bought a scroll of enchant armour for 105 gold pieces
113549 | Geh:1    | Entered Level 1 of Gehenna
113642 | Geh:2    | You are sucked into a shaft and drop 2 floors!
113806 | Geh:4    | Found an ancient bone altar of Kikubaaqudgha.
114066 | Geh:5    | Reached skill level 15 in Dodging
114072 | Geh:5    | You are sucked into a shaft and drop 1 floor!
114122 | Geh:7    | Entered Level 7 of Gehenna
114264 | Geh:7    | Reached skill level 18 in Evocations
114445 | Geh:7    | Noticed the Serpent of Hell
114461 | Geh:7    | Killed the Serpent of Hell
114741 | Geh:7    | Found the +0 pair of fencer's gloves {Riposte Dex+3}
114805 | Geh:7    | Identified the +7 sceptre of Asmodeus
114805 | Geh:7    | Noticed Asmodeus
114834 | Geh:7    | Killed Asmodeus
114834 | Geh:7    | Reached skill level 16 in Dodging
114964 | Geh:7    | Identified the cursed -4 pair of boots of Fortification
                  | {*Slow Str+5 Dex+7} (You found it on level 7 of Gehenna)
114992 | Geh:7    | Identified the +9 long sword of Sukyusmo {drain, *Slow rC+
                  | Str+2} (You found it on level 7 of Gehenna)
115004 | Geh:7    | Got an obsidian rune of Zot
115011 | Geh:7    | Identified Imuid's Reference Book on the Scorching Escort
115016 | Geh:7    | Identified the Almanac of Hurtful Black Rituals
115049 | Geh:7    | Identified the +5 dire flail of Descent {drain, Dex+4} (You
                  | found it on level 7 of Gehenna)
115057 | Geh:7    | Identified Fyliaf's Incunabulum of Flight and Transmutation
115281 | Hell     | Gained mutation: Armour fits poorly on your strangely
                  | shaped body. [mutagenic glow]
115927 | Vaults:5 | Bought a phantom mirror for 420 gold pieces
115927 | Vaults:5 | Bought a wand of iceblast (7) for 154 gold pieces
115927 | Vaults:5 | Bought a box of beasts for 280 gold pieces
115927 | Vaults:5 | Bought a sack of spiders for 280 gold pieces
116237 | Pan      | Entered Pandemonium
116443 | Pan      | Reached skill level 19 in Evocations
116492 | Pan      | Found a glowing silver altar of Zin.
116924 | Pan      | Noticed a seraph
116928 | Pan      | Noticed a pearl dragon
116959 | Pan      | Killed a pearl dragon
116971 | Pan      | Killed a seraph
117507 | Pan      | Reached skill level 17 in Dodging
117542 | Pan      | Found a glowing golden altar of the Shining One.
117565 | Pan      | Identified the cursed +1 broad axe of Propriety {vamp, rF+}
                  | (You found it in Pandemonium)
117569 | Pan      | Got a demonic rune of Zot
117575 | Pan      | Got a sparkling copper ring
117577 | Pan      | Identified the ring of Cuwim {rC- rN+++ rCorr} (You found
                  | it in Pandemonium)
117588 | Pan      | Got a brightly glowing pewter ring
117590 | Pan      | Identified the ring "Fulish" {Fire MR- Str+5 Int+5} (You
                  | found it in Pandemonium)
117716 | Pan      | Identified the +11 longbow of Dithmenos's Favour {speed,
                  | rN+++ Int-4 SInv}
117748 | Depths:2 | Escaped Pandemonium
117750 | Pan      | Entered Pandemonium
117807 | Pan      | Gained mutation: Your magical capacity is low. (-10% MP) [a
                  | cacodemon]
118097 | Pan      | Entered the realm of Lom Lobon.
118327 | Pan      | Reached skill level 20 in Evocations
118506 | Pan      | Noticed Lom Lobon
118535 | Pan      | Killed Lom Lobon
118629 | Pan      | Got a magical rune of Zot
118734 | Pan      | Found an exit through the horrors of the Abyss.
118792 | Pan      | Noticed Wuteewk the pandemonium lord
118809 | Pan      | Killed Wuteewk the pandemonium lord
118812 | Pan      | Reached skill level 18 in Dodging
118954 | Pan      | Found an exit through the horrors of the Abyss.
118957 | Pan      | Gained mutation: You are frail. (-10% HP) [a cacodemon]
119140 | Pan      | Entered the realm of Mnoleg.
119261 | Pan      | Found an exit through the horrors of the Abyss.
119342 | Pan      | Gained mutation: You are very frail. (-20% HP) [a neqoxec]
119359 | Pan      | Gained mutation: Your flesh is cold resistant. (rC+) [a
                  | neqoxec]
119381 | Pan      | Reached skill level 21 in Evocations
119382 | Pan      | Gained mutation: You are weak. (Str -2) [a cacodemon]
119393 | Pan      | Noticed Mnoleg
119395 | Pan      | Gained mutation: Your body sometimes deteriorates upon
                  | taking damage. [a neqoxec]
119396 | Pan      | Gained mutation: Scrolls take you a little longer to read.
                  | [a cacodemon]
119399 | Pan      | Gained mutation: You are extremely frail. (-30% HP)
                  | [Mnoleg's mutagenic touch]
119408 | Pan      | Paralysed by a floating eye for 4 turns
119409 | Pan      | Gained mutation: You are very weak. (Str -4) [a cacodemon]
119411 | Pan      | Gained mutation: Your magical capacity is very low. (-20%
                  | MP) [a cacodemon]
119427 | Pan      | Killed Mnoleg
119428 | Pan      | Lost mutation: Your body sometimes deteriorates upon taking
                  | damage. [potion of mutation]
119428 | Pan      | Lost mutation: Armour fits poorly on your strangely shaped
                  | body. [potion of mutation]
119428 | Pan      | Lost mutation: You are very weak. (Str -4) [potion of
                  | mutation]
119428 | Pan      | Lost mutation: Your magical capacity is very low. (-20% MP)
                  | [potion of mutation]
119428 | Pan      | Gained mutation: You are resistant to hostile enchantments.
                  | (MR+) [potion of mutation]
119487 | Pan      | Got a glowing rune of Zot
119571 | Pan      | Gained mutation: You are dopey. (Int -2) [a cacodemon]
119598 | Pan      | Entered the realm of Cerebov.
119599 | Pan      | Lost mutation: You are resistant to hostile enchantments.
                  | (MR+) [potion of mutation]
119599 | Pan      | Lost mutation: Your magical capacity is low. (-10% MP)
                  | [potion of mutation]
119599 | Pan      | Lost mutation: Scrolls take you a little longer to read.
                  | [potion of mutation]
119599 | Pan      | Lost mutation: You are weak. (Str -2) [potion of mutation]
119599 | Pan      | Gained mutation: Your muscles are strong. (Str +2) [potion
                  | of mutation]
119599 | Pan      | Gained mutation: You have sharp toenails. [potion of
                  | mutation]
119599 | Pan      | Lost mutation: You are dopey. (Int -2) [potion of mutation]
119599 | Pan      | Gained mutation: You are partially covered in large bone
                  | plates. (SH +4) [potion of mutation]
119600 | Pan      | Lost mutation: Your flesh is cold resistant. (rC+) [potion
                  | of mutation]
119600 | Pan      | Lost mutation: You have sharp toenails. [potion of
                  | mutation]
119600 | Pan      | Lost mutation: You are partially covered in large bone
                  | plates. (SH +4) [potion of mutation]
119600 | Pan      | Gained mutation: You have a pair of small horns on your
                  | head. [potion of mutation]
119601 | Pan      | Lost mutation: You have a pair of small horns on your head.
                  | [potion of mutation]
119601 | Pan      | Lost mutation: Your muscles are strong. (Str +2) [potion of
                  | mutation]
119601 | Pan      | Lost mutation: You are extremely frail. (-30% HP) [potion
                  | of mutation]
119601 | Pan      | Gained mutation: You passively map a small area around you.
                  | [potion of mutation]
119601 | Pan      | Gained mutation: You are partially covered in molten
                  | scales. (AC +2) [potion of mutation]
119601 | Pan      | Gained mutation: You expend magic power (3 MP) to
                  | strengthen your wands. [potion of mutation]
119618 | Pan      | Got a shimmering turquoise ring
119619 | Pan      | Identified the ring "Asussyq" {Wiz rElec rC+ Str-4 Int+4}
                  | (You found it in Pandemonium)
120045 | Pan      | Identified the Grimoire of the Thirteen Mice
120050 | Pan      | Identified the Almanac of Quantum Weightlessness
120140 | Pan      | Identified the +6 sword of Cerebov {flame}
120140 | Pan      | Noticed Cerebov
120149 | Pan      | Reached skill level 19 in Dodging
120161 | Pan      | Killed Cerebov
120189 | Pan      | Got a fiery rune of Zot
120513 | Pan      | Found an exit through the horrors of the Abyss.
120729 | Pan      | Noticed Munwocus the pandemonium lord
120748 | Pan      | Killed Munwocus the pandemonium lord
120757 | Pan      | Reached skill level 22 in Evocations
121010 | Pan      | Entered the realm of Gloorx Vloq.
121010 | Pan      | Found an exit through the horrors of the Abyss.
121605 | Pan      | Noticed Gloorx Vloq
121622 | Pan      | Killed Gloorx Vloq
121622 | Pan      | Reached skill level 20 in Dodging
121655 | Pan      | Got a dark rune of Zot
121883 | Pan      | Took an exit into the Abyss.
121883 | Abyss:1  | Escaped into the Abyss
121927 | Abyss:1  | Found a corrupted altar of Lugonu.
122101 | Depths:2 | Escaped the Abyss
122162 | Depths:2 | Lost mutation: You are very frail. (-20% HP) [potion of
                  | mutation]
122162 | Depths:2 | Lost mutation: You passively map a small area around you.
                  | [potion of mutation]
122162 | Depths:2 | Lost mutation: You are frail. (-10% HP) [potion of
                  | mutation]
122162 | Depths:2 | Gained mutation: You occasionally shout uncontrollably at
                  | your foes. [potion of mutation]
122162 | Depths:2 | Gained mutation: You are partially covered in rugged brown
                  | scales. (AC +1, +3% HP) [potion of mutation]
122162 | Depths:2 | Gained mutation: You are clumsy. (Dex -2) [potion of
                  | mutation]
122162 | Depths:2 | Gained mutation: You possess an exceptional clarity of
                  | mind. [potion of mutation]
122951 | Zig:1    | Entered Level 1 of a ziggurat
122977 | Zig:2    | Entered Level 2 of a ziggurat
122997 | Zig:2    | Identified the Almanac of Earthen Boosts
123003 | Zig:3    | Entered Level 3 of a ziggurat
123048 | Zig:4    | Entered Level 4 of a ziggurat
123070 | Zig:4    | Got a scorched jade ring
123071 | Zig:4    | Identified the ring "Demeucur" {MR+ Str+3} (You found it on
                  | level 4 of a ziggurat)
123094 | Zig:5    | Entered Level 5 of a ziggurat
123099 | Zig:5    | Noticed an orb of fire
123103 | Zig:6    | Entered Level 6 of a ziggurat
123134 | Zig:6    | Reached skill level 23 in Evocations
123279 | Zig:7    | Entered Level 7 of a ziggurat
123333 | Zig:8    | Entered Level 8 of a ziggurat
123736 | Zot:5    | oh fuck. lets do it
123736 | Zot:5    | Got the Orb of Zot
123765 | Zot:5    | Reached skill level 21 in Dodging
123926 | Zot:1    | Noticed an ancient lich
123926 | Zot:1    | Noticed Ruety the pandemonium lord
123933 | Zot:1    | Killed an ancient lich
123944 | Zot:1    | Killed Ruety the pandemonium lord
123961 | Zot:1    | Noticed Odeic the pandemonium lord
123967 | Zot:1    | Killed Odeic the pandemonium lord
124024 | Depths:5 | Noticed Manosyb the pandemonium lord
124047 | Depths:4 | Noticed Ewuakhorph the pandemonium lord
124065 | Depths:4 | Killed Ewuakhorph the pandemonium lord
124068 | Depths:4 | Noticed an ancient lich
124360 | Vaults:2 | Noticed Moh Suru the pandemonium lord
124373 | Vaults:2 | Killed Moh Suru the pandemonium lord
124458 | Crypt:2  | Reached skill level 24 in Evocations
124605 | Tomb:1   | Entered Level 1 of the Tomb of the Ancients
124630 | Tomb:1   | Learned a level 3 spell: Lesser Beckoning
124650 | Tomb:1   | Reached skill level 1 in Translocations
124665 | Tomb:1   | Reached skill level 2 in Translocations
124735 | Tomb:1   | Reached skill level 3 in Translocations
124744 | Tomb:1   | Reached skill level 4 in Translocations
124772 | Tomb:1   | Noticed a greater mummy
124782 | Tomb:1   | Killed a greater mummy
124782 | Tomb:1   | Reached skill level 5 in Translocations
124810 | Tomb:1   | Noticed a greater mummy
124818 | Tomb:1   | Killed a greater mummy
124818 | Tomb:1   | Reached skill level 6 in Translocations
124832 | Tomb:1   | Learned a level 1 spell: Apportation
124839 | Tomb:2   | Noticed a greater mummy
124839 | Tomb:2   | Noticed a greater mummy
124844 | Tomb:2   | Noticed a greater mummy
124848 | Tomb:2   | Noticed a greater mummy
124849 | Tomb:2   | Killed a greater mummy
124849 | Tomb:2   | Reached skill level 7 in Translocations
124877 | Tomb:2   | Reached skill level 8 in Translocations
124912 | Tomb:2   | Killed a greater mummy
124914 | Tomb:2   | Killed a greater mummy
124914 | Tomb:2   | Reached skill level 9 in Translocations
124931 | Tomb:2   | Killed a greater mummy
124935 | Tomb:2   | Noticed Gudeloeh the pandemonium lord
124936 | Tomb:2   | Noticed Mara
124943 | Tomb:2   | Reached skill level 10 in Translocations
124945 | Tomb:2   | Noticed Artagas's illusion
124950 | Tomb:2   | Killed Gudeloeh the pandemonium lord
124958 | Tomb:2   | Killed Mara
124958 | Tomb:2   | Reached skill level 11 in Translocations
125035 | Tomb:1   | Noticed a greater mummy
125035 | Tomb:1   | Noticed a greater mummy
125037 | Tomb:1   | Noticed a greater mummy
125040 | Tomb:1   | Noticed a greater mummy
125041 | Tomb:1   | Noticed a greater mummy
125042 | Tomb:1   | Killed a greater mummy
125042 | Tomb:1   | Reached skill level 12 in Translocations
125047 | Tomb:1   | Killed a greater mummy
125055 | Tomb:1   | Killed a greater mummy
125058 | Tomb:1   | Killed a greater mummy
125059 | Tomb:1   | Noticed a greater mummy
125063 | Tomb:1   | Killed a greater mummy
125063 | Tomb:1   | Reached skill level 13 in Translocations
125063 | Tomb:1   | Noticed a greater mummy
125073 | Tomb:1   | Killed a greater mummy
125079 | Tomb:1   | Killed a greater mummy
125157 | Tomb:1   | Noticed a greater mummy
125166 | Tomb:1   | Killed a greater mummy
125176 | Tomb:1   | Noticed a greater mummy
125191 | Tomb:1   | Noticed a greater mummy
125192 | Tomb:1   | Killed a greater mummy
125192 | Tomb:1   | Reached skill level 14 in Translocations
125197 | Tomb:1   | Noticed a greater mummy
125204 | Tomb:1   | Killed a greater mummy
125213 | Tomb:1   | Killed a greater mummy
125244 | Tomb:1   | Noticed a greater mummy
125256 | Tomb:1   | Killed a greater mummy
125353 | Tomb:3   | Entered Level 3 of the Tomb of the Ancients
125383 | Tomb:3   | Found the +8 demon trident "Rift" {distort, reach+}
125441 | Tomb:3   | Noticed a greater mummy
125447 | Tomb:3   | Noticed a greater mummy
125449 | Tomb:3   | Killed a greater mummy
125449 | Tomb:3   | Noticed a greater mummy
125450 | Tomb:3   | Noticed a greater mummy
125455 | Tomb:3   | Killed a greater mummy
125455 | Tomb:3   | Reached skill level 22 in Dodging
125455 | Tomb:3   | Killed a greater mummy
125457 | Tomb:3   | Killed a greater mummy
125463 | Tomb:3   | Noticed a greater mummy
125474 | Tomb:3   | Noticed a greater mummy
125477 | Tomb:3   | Noticed a greater mummy
125486 | Tomb:3   | Noticed a greater mummy
125486 | Tomb:3   | Killed a greater mummy
125489 | Tomb:3   | Killed a greater mummy
125497 | Tomb:3   | Killed a greater mummy
125497 | Tomb:3   | Noticed a greater mummy
125501 | Tomb:3   | Killed a greater mummy
125501 | Tomb:3   | Killed a greater mummy
125504 | Tomb:3   | Noticed Mionorum the pandemonium lord
125509 | Tomb:3   | Killed Mionorum the pandemonium lord
125601 | Tomb:3   | Got a golden rune of Zot
125676 | Tomb:3   | Reached skill level 25 in Evocations
125921 | Tomb:3   | Identified the amulet "Jadelios" {Reflect *Slow rF++ Int+6
                  | SH+3} (You found it on level 3 of the Tomb of the Ancients)
125927 | Tomb:3   | Identified the +6 glaive of the Poles {flame, Fragile rC+
                  | rN+ Int+7} (You found it on level 3 of the Tomb of the
                  | Ancients)
125928 | Tomb:3   | Identified Sif Muna's Papyrus of Floating Beguiling
125931 | Tomb:3   | Identified the ring "Esasihon" {rElec rPois rF+ Int+3} (You
                  | found it on level 3 of the Tomb of the Ancients)
126408 | Crypt:2  | Gained mutation: Scrolls take you a little longer to read.
                  | [a neqoxec]
126409 | Crypt:2  | Reached skill level 23 in Dodging
126886 | D:1      | Noticed Kyott the pandemonium lord
126898 | D:1      | Killed Kyott the pandemonium lord
126937 | D:$      | Escaped with the Orb!

Levels and vault maps discovered:
D:1:      psy_arrival_wood_between_worlds, layout_loops_corners,
          minmay_misc_feat_enclosed
D:2:      layout_basic, nicolae_overflow_hidden_temple, minmay_misc_feat_alley
D:3:      layout_loops_ring, first_ration
D:4:      layout_loops_ring, xom_confusion_cloud, gammafunk_ghost_arena,
          uniq_natasha, uniq_blork_the_orc, uniq_ijyb, uniq_edmund
D:5:      layout_basic, serial_shops,
          nicolae_shop_temple_entry_statues_fountains, corexii_hall_statues_i
D:6:      layout_basic, gammafunk_temple_overflow_claw, basic_altar,
          nrook_uturn, uniq_grinder, uniq_duvessa, uniq_sigmund, uniq_pikel
D:7:      layout_loops_ring, minmay_temple_entry_large_hall, kennysheep_potato,
          uniq_menkaure
D:8:      layout_basic, hangedman_ranch [blue_anna_fruit_fields],
          bloody_makhleb, uniq_prince_ribbit1
D:9:      layout_irregular_city, cheibriados_altar_1, minmay_lair_entry_grove,
          serial_column_ruins, column_ruins_courtyard_long, column_ruins_hut,
          column_ruins_open_medium, column_ruins_grid_3,
          column_ruins_corridor_straight, column_ruins_grid_2,
          column_ruins_open_tiny, column_ruins_grid_3,
          ebering_ghost_funeral_grove, uniq_gastronok, uniq_erolcha
D:10:     kennysheep_ambush_hall, layout_cave_pods, basic_altar, uniq_psyche
D:11:     minmay_the_grid_octo_2x2 [minmay_the_grid_octo_horde,
          minmay_the_grid_octo_fat_diamond, minmay_the_grid_octo_checkerflower,
          minmay_the_grid_octo_prize_ultimate_mussel_roller], layout_grid_maze,
          minmay_dual_archer_statues, uniq_harold
D:12:     layout_cave_pools, orc_0_dummy, serial_shops, kennysheep_mini_moat,
          enter_bailey_2
D:13:     layout_rooms, erik_vaults_2
D:14:     layout_basic, nicolae_tso_swordbearing_angel, nicolae_ru_awakened_eye
D:15:     grunt_enter_depths_snipers, layout_long_grid, serial_shops,
          nicolae_shop_behind_doors
Temple:   nicolae_temple_figure_eight
Lair:1:   layout_roguey, lemuel_fruit_tree, uniq_fannar
Lair:2:   layout_big_grid, chequers_serial_rivers_large_b, nzn_random_ring,
          uniq_sonja, uniq_urug
Lair:3:   layout_regular_city, skrybe_swamp_entry_bodies, lemuel_fruit_fields
Lair:4:   layout_gridlike, minmay_snake_entry_guardpost_small,
          portal_ice_cave_entry_animals_and_master, kennysheep_snail_temple
Lair:5:   layout_roguey
Lair:6:   due_jungle_book, layout_cave_pods, dpeg_slime_entry_corner,
          gammafunk_ghost_arena, gauntlet_entry_generic
Swamp:1:  layout_basic_swamp, serial_swamp_ruin, evilmike_swamp_ruin_rubble_1,
          evilmike_swamp_ruin_house_3, swamp_pool1
Swamp:2:  layout_basic_swamp, evilmike_swamp_ruin_house_2
Swamp:3:  layout_basic_swamp, evilmike_swamp_ruin_house_1, uniq_kirke
Swamp:4:  swamp_old_school, layout_basic_swamp, uniq_roxanne
Snake:1:  layout_concentric_octagons
Snake:2:  layout_gridlike, uniq_louise
Snake:3:  layout_chambers, serial_bayou_shore_a, grunt_megastairs_2
Snake:4:  snake_pit, layout_onion, minmay_shop_star
Slime:1:  layout_caves, cheibrodos_slime_lost_civilization_6
Slime:2:  layout_caves
Slime:3:  layout_caves
Slime:4:  nicolae_slime_jelly_donut, layout_caves
Slime:5
Orc:1:    layout_diamond_mine, serial_shops, shop, ebering_ghost_inner_flame,
          uniq_snorg, uniq_jorgrun, uniq_erica
Orc:2:    st_orc_mages, layout_caves, basic_altar
Elf:1:    elf_arrival_001, layout_gridlike, minmay_elf_annihilation,
          uniq_asterion
Elf:2:    layout_geoelf_diagonals, serial_shops, nicolae_shop_statue_plus,
          grunt_ministairs_3
Elf:3:    grunt_elf_hall_spiral, layout_gridlike, ebering_ghost_reflecting_pool
Vaults:1: hangedman_vaults_stitches, nicolae_vaults_rhombus_7, v_rooms_4,
          nicolae_vaults_little_ls, ontoclasm_vaults_ring_square,
          vaults_room_door_ring, dpeg_vaults_waves, vaults_dpeg_diagonal,
          ontoclasm_vaults_chip, layout_vaults_big_room
Vaults:2: hangedman_vaults_locks, dpeg_vaults_monster_row, v_misc_17, v_misc_11,
          v_rooms_5, nicolae_vaults_rhombus_5, v_misc_12, v_misc_27,
          hangedman_vaults_impose, vaults_room_pool, layout_vaults_ring,
          serial_shops, shop_statue
Vaults:3: v_pattern_4, v_rooms_6, vaults_dpeg_hooks, vaults_room_pools,
          vaults_dpeg_spiral, minmay_crypt_entry_simple_sparse,
          ontoclasm_vaults_ring_square, vaults_room_octagon,
          hangedman_vaults_river_flow, vaults_room_large_hall,
          hangedman_vaults_corner, v_misc_15, hangedman_vaults_pinch, v_misc_2,
          layout_vaults_omnibox, uniq_saint_roka
Vaults:4: nicolae_vaults_ring_of_whatevers, st_greater_box_5,
          vaults_standard_mumra_enter_the_diamond, vaults_room_fours,
          hangedman_vaults_nodes, v_alt_pattern_3, v_misc_31,
          nicolae_vaults_little_squares_3, vaults_room_fours,
          grunt_vaults_hallway_short, nicolae_vaults_three_branches,
          vaults_dpeg_ring, vaults_dpeg_encased_lava, layout_vaults_omnicross
Vaults:5: serial_shops
Crypt:1:  layout_misc_corridors
Crypt:2:  layout_chaotic_city, minmay_misc_feat_pillars, door_vault
Crypt:3:  evilmike_haunted_forest, uniq_margery, uniq_boris
Tomb:1:   uniq_jory
Tomb:2:   uniq_mara
Tomb:3
Depths:1: layout_honeycomb, enter_ziggurat_d, grunt_hell_horde, basic_altar,
          chequers_serial_rivers_micro_b, chequers_serial_rivers_marsh,
          grunt_decor_cap, minivault_12
Depths:2: evilmike_horseshoe, layout_basic, hell_entry, nrook_mini_vaults,
          pan_entry, st_stairs_7
Depths:3: due_jory_tower, layout_long_grid, minmay_misc_feat_four_crosses,
          grunt_hell_entry_dis_mu, abyss_entry, pan_entry,
          hangedman_devilish_allure, infiniplex_staircase_pool_2
Depths:4: abrahamwl_protected_by_tso_3, layout_gridlike, pf_coc_iceberg,
          abyss_entry_flame_altar, special_room [special_room_morgue],
          hangedman_decor_opposing, serial_sigils_hangedman_carve,
          infiniplex_staircase_zigzag_3, firewood_loft
Depths:5: grunt_twist_and_shout, layout_long_grid, hell_entry, st_stairs_10
Hell
Dis:1:    layout_jigsaw, hangedman_dis_decor_tower,
          hangedman_dis_decor_blocks_crown, grunt_dis_stairs_iron_hall
Dis:2:    lightli_tower_of_babel, layout_chaotic_city
Dis:3:    layout_overlapping_boxes
Dis:4:    layout_subdivisions
Dis:5:    layout_jigsaw
Dis:6:    layout_regular_city
Dis:7:    iron_city_of_dis [dis_mu, dis_wall_4], layout_chaotic_city
Geh:1:    layout_gehenna_lava_caves
Geh:2:    layout_gehenna_pools_triple
Geh:4:    layout_gehenna_lava_caves, lemuel_hellish_altar, lemuel_elevator
Geh:5:    layout_gehenna_lava_caves
Geh:6:    layout_gehenna_pools_basic
Geh:7:    geh_mu
Coc:1:    layout_cocytus_water_paths
Coc:2:    layout_cocytus_water_paths
Coc:3:    layout_cocytus_water_paths
Coc:4:    layout_ice_bergs, lemuel_elevator
Coc:5:    layout_cocytus_water_paths
Coc:6:    layout_cocytus_water_paths
Coc:7:    coc_old
Tar:1:    layout_grid_maze
Tar:2:    layout_grid_maze, nicolae_tar_fractal_crypt
Tar:3:    layout_honeycomb
Tar:4:    layout_grid_maze
Tar:5:    layout_honeycomb
Tar:6:    layout_grid_maze, evilmike_ambush [evilmike_ambush_outer_basic,
          evilmike_ambush_inner_pond]
Tar:7:    tar_minmay_river
Zot:1:    kennysheep_oblong_rooms, layout_twisted_circle
Zot:2:    hangedman_zot_vaults_quadrants, layout_onion_interference
Zot:3:    layout_twisted_circle
Zot:4:    layout_concentric_octagons
Zot:5:    layout_misc_corridors, uniq_tiamat

Skill      XL: |  1  2  3  4  5  6  7  8  9 10 11 12 13 14 15 16 17 18 19 20 21 22 23 24 25 26 27 |
---------------+----------------------------------------------------------------------------------+-----
Fighting       | 2 3 4 5 6 7 9 10 11 12 13 14 15 16 17 18 19 20 21 27 | 27.0
Axes           | 1 2 4 5 6 8 9 10 12 14 16 17 18 | 18.0
Armour         | 3 4 6 8 9 10 12 13 15 16 17 18 20 27 | 27.0
Evocations     | 4 6 14 25 | 25.6
Invocations    | 4 5 7 10 12 14 17 18 21 22 27 | 27.0
Dodging        | 3 7 23 | 23.1
Shields        | 9 12 15 16 17 20 27 | 27.0
Translocations | 14 | 14.1
Short Blades   | |  0.8
Stealth        | |  1.1

Action                   |  1- 3 |  4- 6 |  7- 9 | 10-12 | 13-15 | 16-18 | 19-21 | 22-24 | 25-27 || total
-------------------------+-------+-------+-------+-------+-------+-------+-------+-------+-------++-------
Melee: Short sword       |    16 |       |       |       |       |       |       |       |       ||    16
       Dagger            |    86 |    78 |       |       |       |       |       |       |       ||   164
       Hand axe          |       |     6 |       |       |       |       |       |       |       ||     6
       Club              |       |     9 |   311 |   200 |       |       |       |       |       ||   520
       War axe           |       |       |    51 |   710 |   160 |       |       |   501 |       ||  1422
       Battleaxe         |       |       |       |     2 |  1551 |   861 |       |       |       ||  2414
       Dire flail        |       |       |       |     3 |    34 |       |       |       |       ||    37
       Broad axe         |       |       |       |       |       |   739 |  1537 |  1640 |  9329 || 13245
 Fire: Hunting sling     |       |       |       |     3 |       |       |       |       |       ||     3
Throw: Dart              |       |     2 |    18 |    49 |    26 |     1 |       |       |       ||    96
       Javelin           |       |       |       |     6 |     3 |       |       |       |       ||     9
       Throwing net      |       |       |       |       |       |       |       |       |     6 ||     6
 Cast: Lesser Beckoning  |       |       |       |       |       |       |       |       |     3 ||     3
Invok: Lesser Healing    |       |       |       |     8 |       |     1 |       |       |       ||     9
       Heal Other        |       |       |       |     3 |     5 |       |       |       |       ||     8
       Greater Healing   |       |       |       |       |    11 |     9 |     2 |       |       ||    22
       Divine Vigour     |       |       |       |       |     1 |       |       |       |       ||     1
       Cleansing Flame   |       |       |       |       |       |       |     8 |     5 |   166 ||   179
       Brand Weapon With |       |       |       |       |       |       |     1 |       |       ||     1
       Summon Divine War |       |       |       |       |       |       |       |     2 |    26 ||    28
       Divine Shield     |       |       |       |       |       |       |       |     1 |    10 ||    11
       Recite            |       |       |       |       |       |       |       |     2 |    37 ||    39
       Vitalisation      |       |       |       |       |       |       |       |       |     8 ||     8
       Sanctuary         |       |       |       |       |       |       |       |       |     6 ||     6
 Abil: Fly               |       |       |       |       |     1 |       |     1 |     1 |     6 ||     9
       Stop Flying       |       |       |       |       |       |     1 |       |     2 |     5 ||     8
       Evoke Invisibilit |       |       |       |       |       |       |       |       |     5 ||     5
       Evoke Flight      |       |       |       |       |       |       |       |       |     2 ||     2
Evoke: Wand              |     2 |    15 |    16 |    27 |    12 |     6 |     1 |       |    28 ||   107
       Lamp of fire      |       |       |       |       |       |     1 |     2 |       |     6 ||     9
       Lightning rod     |       |       |       |       |       |       |       |       |     7 ||     7
       Box of beasts     |       |       |       |       |       |       |       |       |     1 ||     1
  Use: Scroll            |     5 |       |     2 |    14 |    11 |    13 |     4 |     8 |    58 ||   115
       Potion            |       |       |       |     3 |     1 |     2 |     1 |     6 |    51 ||    64
 Stab: Paralysed         |       |       |       |    10 |       |       |       |     1 |    59 ||    70
       Distracted        |       |       |       |       |       |       |     1 |       |       ||     1
       Confused          |       |       |       |       |       |       |       |       |    72 ||    72
       Invisible         |       |       |       |       |       |       |       |       |    41 ||    41
  Eat: Chunk             |     1 |     5 |    13 |    18 |    70 |    31 |    20 |    11 |    22 ||   191
       Ration            |     1 |       |     3 |     6 |     5 |     4 |     3 |     7 |    61 ||    90
Armor: Leather armour    |     7 |     7 |   125 |       |       |       |       |       |       ||   139
       Scale mail        |    28 |       |       |       |   274 |       |       |       |       ||   302
       Chain mail        |    15 |    49 |    67 |   767 |   590 |       |       |       |       ||  1488
       Skin              |       |       |     1 |       |       |       |       |       |       ||     1
       Plate armour      |       |       |    14 |       |   512 |   914 |       |       |       ||  1440
       Gold dragon scale |       |       |       |       |       |     8 |   777 |   756 |  2782 ||  4323
Dodge: Dodged            |    36 |    34 |   160 |   421 |  1053 |   507 |   133 |   135 |  1078 ||  3557
       Deflected         |       |       |       |       |    64 |    54 |    11 |    19 |    62 ||   210
Block: Other             |       |       |       |       |       |    65 |       |       |       ||    65
       Reflection        |       |       |       |       |       |    53 |    38 |   172 |   333 ||   596
       Shield            |       |       |       |       |       |   169 |       |       |       ||   169
       Large shield      |       |       |       |       |       |   487 |  2037 |  2435 | 10980 || 15939
       Rpst.: Broad axe  |       |       |       |       |       |       |       |       |    60 ||    60

Levels and vault maps discovered:
D:1:      psy_arrival_wood_between_worlds, layout_loops_corners,
          minmay_misc_feat_enclosed
D:2:      layout_basic, nicolae_overflow_hidden_temple, minmay_misc_feat_alley
D:3:      layout_loops_ring, first_ration
D:4:      layout_loops_ring, xom_confusion_cloud, gammafunk_ghost_arena,
          uniq_natasha, uniq_blork_the_orc, uniq_ijyb, uniq_edmund
D:5:      layout_basic, serial_shops,
          nicolae_shop_temple_entry_statues_fountains, corexii_hall_statues_i
D:6:      layout_basic, gammafunk_temple_overflow_claw, basic_altar,
          nrook_uturn, uniq_grinder, uniq_duvessa, uniq_sigmund, uniq_pikel
D:7:      layout_loops_ring, minmay_temple_entry_large_hall, kennysheep_potato,
          uniq_menkaure
D:8:      layout_basic, hangedman_ranch [blue_anna_fruit_fields],
          bloody_makhleb, uniq_prince_ribbit1
D:9:      layout_irregular_city, cheibriados_altar_1, minmay_lair_entry_grove,
          serial_column_ruins, column_ruins_courtyard_long, column_ruins_hut,
          column_ruins_open_medium, column_ruins_grid_3,
          column_ruins_corridor_straight, column_ruins_grid_2,
          column_ruins_open_tiny, column_ruins_grid_3,
          ebering_ghost_funeral_grove, uniq_gastronok, uniq_erolcha
D:10:     kennysheep_ambush_hall, layout_cave_pods, basic_altar, uniq_psyche
D:11:     minmay_the_grid_octo_2x2 [minmay_the_grid_octo_horde,
          minmay_the_grid_octo_fat_diamond, minmay_the_grid_octo_checkerflower,
          minmay_the_grid_octo_prize_ultimate_mussel_roller], layout_grid_maze,
          minmay_dual_archer_statues, uniq_harold
D:12:     layout_cave_pools, orc_0_dummy, serial_shops, kennysheep_mini_moat,
          enter_bailey_2
D:13:     layout_rooms, erik_vaults_2
D:14:     layout_basic, nicolae_tso_swordbearing_angel, nicolae_ru_awakened_eye
D:15:     grunt_enter_depths_snipers, layout_long_grid, serial_shops,
          nicolae_shop_behind_doors
Temple:   nicolae_temple_figure_eight
Lair:1:   layout_roguey, lemuel_fruit_tree, uniq_fannar
Lair:2:   layout_big_grid, chequers_serial_rivers_large_b, nzn_random_ring,
          uniq_sonja, uniq_urug
Lair:3:   layout_regular_city, skrybe_swamp_entry_bodies, lemuel_fruit_fields
Lair:4:   layout_gridlike, minmay_snake_entry_guardpost_small,
          portal_ice_cave_entry_animals_and_master, kennysheep_snail_temple
Lair:5:   layout_roguey
Lair:6:   due_jungle_book, layout_cave_pods, dpeg_slime_entry_corner,
          gammafunk_ghost_arena, gauntlet_entry_generic
Swamp:1:  layout_basic_swamp, serial_swamp_ruin, evilmike_swamp_ruin_rubble_1,
          evilmike_swamp_ruin_house_3, swamp_pool1
Swamp:2:  layout_basic_swamp, evilmike_swamp_ruin_house_2
Swamp:3:  layout_basic_swamp, evilmike_swamp_ruin_house_1, uniq_kirke
Swamp:4:  swamp_old_school, layout_basic_swamp, uniq_roxanne
Snake:1:  layout_concentric_octagons
Snake:2:  layout_gridlike, uniq_louise
Snake:3:  layout_chambers, serial_bayou_shore_a, grunt_megastairs_2
Snake:4:  snake_pit, layout_onion, minmay_shop_star
Slime:1:  layout_caves, cheibrodos_slime_lost_civilization_6
Slime:2:  layout_caves
Slime:3:  layout_caves
Slime:4:  nicolae_slime_jelly_donut, layout_caves
Slime:5
Orc:1:    layout_diamond_mine, serial_shops, shop, ebering_ghost_inner_flame,
          uniq_snorg, uniq_jorgrun, uniq_erica
Orc:2:    st_orc_mages, layout_caves, basic_altar
Elf:1:    elf_arrival_001, layout_gridlike, minmay_elf_annihilation,
          uniq_asterion
Elf:2:    layout_geoelf_diagonals, serial_shops, nicolae_shop_statue_plus,
          grunt_ministairs_3
Elf:3:    grunt_elf_hall_spiral, layout_gridlike, ebering_ghost_reflecting_pool
Vaults:1: hangedman_vaults_stitches, nicolae_vaults_rhombus_7, v_rooms_4,
          nicolae_vaults_little_ls, ontoclasm_vaults_ring_square,
          vaults_room_door_ring, dpeg_vaults_waves, vaults_dpeg_diagonal,
          ontoclasm_vaults_chip, layout_vaults_big_room
Vaults:2: hangedman_vaults_locks, dpeg_vaults_monster_row, v_misc_17, v_misc_11,
          v_rooms_5, nicolae_vaults_rhombus_5, v_misc_12, v_misc_27,
          hangedman_vaults_impose, vaults_room_pool, layout_vaults_ring,
          serial_shops, shop_statue
Vaults:3: v_pattern_4, v_rooms_6, vaults_dpeg_hooks, vaults_room_pools,
          vaults_dpeg_spiral, minmay_crypt_entry_simple_sparse,
          ontoclasm_vaults_ring_square, vaults_room_octagon,
          hangedman_vaults_river_flow, vaults_room_large_hall,
          hangedman_vaults_corner, v_misc_15, hangedman_vaults_pinch, v_misc_2,
          layout_vaults_omnibox, uniq_saint_roka
Vaults:4: nicolae_vaults_ring_of_whatevers, st_greater_box_5,
          vaults_standard_mumra_enter_the_diamond, vaults_room_fours,
          hangedman_vaults_nodes, v_alt_pattern_3, v_misc_31,
          nicolae_vaults_little_squares_3, vaults_room_fours,
          grunt_vaults_hallway_short, nicolae_vaults_three_branches,
          vaults_dpeg_ring, vaults_dpeg_encased_lava, layout_vaults_omnicross
Vaults:5: serial_shops
Crypt:1:  layout_misc_corridors
Crypt:2:  layout_chaotic_city, minmay_misc_feat_pillars, door_vault
Crypt:3:  evilmike_haunted_forest, uniq_margery, uniq_boris
Tomb:1:   uniq_jory
Tomb:2:   uniq_mara
Tomb:3
Depths:1: layout_honeycomb, enter_ziggurat_d, grunt_hell_horde, basic_altar,
          chequers_serial_rivers_micro_b, chequers_serial_rivers_marsh,
          grunt_decor_cap, minivault_12
Depths:2: evilmike_horseshoe, layout_basic, hell_entry, nrook_mini_vaults,
          pan_entry, st_stairs_7
Depths:3: due_jory_tower, layout_long_grid, minmay_misc_feat_four_crosses,
          grunt_hell_entry_dis_mu, abyss_entry, pan_entry,
          hangedman_devilish_allure, infiniplex_staircase_pool_2
Depths:4: abrahamwl_protected_by_tso_3, layout_gridlike, pf_coc_iceberg,
          abyss_entry_flame_altar, special_room [special_room_morgue],
          hangedman_decor_opposing, serial_sigils_hangedman_carve,
          infiniplex_staircase_zigzag_3, firewood_loft
Depths:5: grunt_twist_and_shout, layout_long_grid, hell_entry, st_stairs_10
Hell
Dis:1:    layout_jigsaw, hangedman_dis_decor_tower,
          hangedman_dis_decor_blocks_crown, grunt_dis_stairs_iron_hall
Dis:2:    lightli_tower_of_babel, layout_chaotic_city
Dis:3:    layout_overlapping_boxes
Dis:4:    layout_subdivisions
Dis:5:    layout_jigsaw
Dis:6:    layout_regular_city
Dis:7:    iron_city_of_dis [dis_mu, dis_wall_4], layout_chaotic_city
Geh:1:    layout_gehenna_lava_caves
Geh:2:    layout_gehenna_pools_triple
Geh:4:    layout_gehenna_lava_caves, lemuel_hellish_altar, lemuel_elevator
Geh:5:    layout_gehenna_lava_caves
Geh:6:    layout_gehenna_pools_basic
Geh:7:    geh_mu
Coc:1:    layout_cocytus_water_paths
Coc:2:    layout_cocytus_water_paths
Coc:3:    layout_cocytus_water_paths
Coc:4:    layout_ice_bergs, lemuel_elevator
Coc:5:    layout_cocytus_water_paths
Coc:6:    layout_cocytus_water_paths
Coc:7:    coc_old
Tar:1:    layout_grid_maze
Tar:2:    layout_grid_maze, nicolae_tar_fractal_crypt
Tar:3:    layout_honeycomb
Tar:4:    layout_grid_maze
Tar:5:    layout_honeycomb
Tar:6:    layout_grid_maze, evilmike_ambush [evilmike_ambush_outer_basic,
          evilmike_ambush_inner_pond]
Tar:7:    tar_minmay_river
Zot:1:    kennysheep_oblong_rooms, layout_twisted_circle
Zot:2:    hangedman_zot_vaults_quadrants, layout_onion_interference
Zot:3:    layout_twisted_circle
Zot:4:    layout_concentric_octagons
Zot:5:    layout_misc_corridors, uniq_tiamat

Table legend:
 A = Turns spent in this place as a percentage of turns spent in the entire game.
 B = Non-inter-level travel turns spent in this place as a percentage of non-inter-level travel turns spent in the entire game.
 C = Inter-level travel turns spent in this place as a percentage of turns spent in this place.
 D = Turns resting spent in this place as a percentage of non-inter-level travel turns spent in this place.
 E = Turns spent auto-exploring this place as a percentage of non-inter-level travel turns spent in this place.
 F = Non-inter-level travel turns spent in this place divided by the number of levels of this place that you've seen.
                   A       B       C       D       E      F
               +-------+-------+-------+-------+-------+----------------------
         Total | 100.0 | 100.0 |  11.1 |  27.4 |  37.8 | 1007.6
       Dungeon |  19.7 |  18.6 |  16.4 |  24.4 |  48.7 | 1395.9
        Temple |   0.2 |   0.2 |  15.0 |   0.0 |  94.4 | 233.0
          Lair |  12.8 |  13.3 |   7.3 |  40.1 |  36.7 | 2504.0
         Swamp |   2.2 |   2.4 |   3.6 |   3.1 |  67.0 | 674.8
     Snake Pit |   2.9 |   3.1 |   4.5 |   5.9 |  63.3 | 875.8
    Slime Pits |   4.2 |   4.7 |   1.0 |  77.8 |   2.8 | 1065.6
  Orcish Mines |   3.7 |   3.0 |  27.1 |  36.7 |  41.9 | 1713.0
   Elven Halls |   7.4 |   7.7 |   6.8 |  46.4 |  24.2 | 2908.0
        Vaults |   8.2 |   7.7 |  16.5 |  10.4 |  56.1 | 1747.0
         Crypt |   2.6 |   2.7 |   6.9 |   1.7 |  62.9 | 1028.7
          Tomb |   1.3 |   1.4 |   1.7 |   3.0 |   3.8 | 537.3
        Depths |   9.7 |   8.6 |  21.4 |  22.6 |  45.2 | 1935.0
          Hell |   0.9 |   0.9 |  10.6 |  32.5 |  26.2 | 1052.0
           Dis |   2.1 |   2.3 |   2.8 |   8.6 |  17.0 | 375.7
       Gehenna |   1.3 |   1.5 |   2.1 |  15.4 |   8.0 | 277.8
       Cocytus |   1.1 |   1.2 |   9.4 |   7.9 |   4.9 | 187.9
      Tartarus |   2.3 |   2.4 |   3.3 |  13.1 |  22.8 | 394.9
           Zot |  10.2 |  10.1 |  11.2 |  40.1 |  33.2 | 2287.8
         Abyss |   1.9 |   2.1 |   0.0 |   1.7 |  17.8 | 603.8
   Pandemonium |   4.4 |   5.0 |   0.0 |  14.5 |  31.8 | 564.4
      Ziggurat |   0.4 |   0.4 |   0.0 |  25.6 |   0.0 |  58.1
        Bailey |   0.4 |   0.4 |   0.0 |   0.0 |  38.6 | 477.0
               +-------+-------+-------+-------+-------+----------------------

Table legend:
 A = Kills in this place as a percentage of kills in entire the game.
 B = Kills by you in this place as a percentage of kills by you in the entire game.
 C = Kills by friends in this place as a percentage of kills by friends in the entire game.
 D = Other kills in this place as a percentage of other kills in the entire game.
 E = Experience gained in this place as a percentage of experience gained in the entire game.
 F = Experience gained in this place divided by the number of levels of this place that you have seen.
                   A       B       C       D       E      F
               +-------+-------+-------+-------+-------+----------------------
         Total | 100.0 | 100.0 | 100.0 | 100.0 | 100.0 | 35782.2
       Dungeon |   8.8 |   8.9 |   5.1 |   6.8 |   2.8 | 7421.0
          Lair |   3.9 |   4.1 |   0.0 |   0.0 |   1.4 | 9625.3
         Swamp |   3.3 |   3.4 |   0.0 |   1.9 |   2.0 | 20501.0
     Snake Pit |   3.7 |   3.7 |   0.0 |   6.8 |   2.4 | 23848.5
    Slime Pits |   1.4 |   1.4 |   0.0 |   1.0 |   1.7 | 13569.4
  Orcish Mines |   1.7 |   1.7 |   0.0 |   0.0 |   0.4 | 8547.5
   Elven Halls |   3.1 |   3.1 |   0.0 |   5.8 |   3.3 | 44690.3
        Vaults |  11.3 |  10.6 |   0.0 |  53.4 |  10.9 | 87042.0
         Crypt |   4.5 |   4.7 |   0.0 |   0.0 |   5.1 | 67952.7
          Tomb |   6.1 |   6.1 |   9.1 |   1.9 |   9.7 | 130118.3
        Depths |   6.8 |   7.0 |   0.0 |   4.9 |   8.0 | 63926.2
          Hell |   1.3 |   1.3 |   0.0 |   1.0 |   1.2 | 49620.0
           Dis |   5.3 |   5.4 |   5.1 |   1.9 |   4.9 | 27940.6
       Gehenna |   5.0 |   4.8 |  15.2 |   3.9 |   3.8 | 25127.2
       Cocytus |   4.6 |   4.3 |  24.2 |   1.0 |   4.9 | 27869.7
      Tartarus |   7.5 |   7.5 |  14.1 |   0.0 |   7.1 | 40896.1
           Zot |   5.8 |   5.9 |   0.0 |   5.8 |  15.0 | 119994.0
         Abyss |   6.2 |   6.4 |   0.0 |   1.0 |   4.0 | 39760.0
   Pandemonium |   8.0 |   7.7 |  27.3 |   2.9 |  10.5 | 42094.1
      Ziggurat |   1.1 |   1.1 |   0.0 |   0.0 |   0.9 | 4322.9
        Bailey |   0.6 |   0.6 |   0.0 |   0.0 |   0.0 | 1207.0
               +-------+-------+-------+-------+-------+----------------------
